 Dungeon Crawl Stone Soup version 0.23-a0-446-g036aa52 (webtiles) character file.

1614835 Violenta the Conqueror (level 27, -30/249 HPs)
             Began as a Gnoll Fighter on Nov 18, 2018.
             Was the Champion of Makhleb.
             Killed by dispel undead
             ... invoked by Enouwoize the pandemonium lord
              (52 damage)
             ... on level 26 of a ziggurat.
             The game lasted 04:22:12 (154970 turns).

Violenta the Conqueror (Gnoll Fighter)            Turns: 154970, Time: 04:22:12

Health: -30/249    AC: 58    Str: 32    XL:     27
Magic:  15/54      EV: 30    Int:  8    God:    Makhleb [******]
Gold:   15891      SH: 39    Dex: 25    Spells: 50/80 levels left

rFire    + + .     SeeInvis .   B - +11 broad axe of Lunufinn {drain, rC+ Dex+5}
rCold    + + +     Gourm    .   S - +10 large shield of Ignorance {rN+ Int-4}
rNeg     + + +     Faith    .   O - +12 gold dragon scales
rPois    ∞         Spirit   .   F - -2 hat of the Alchemist {rElec rPois rF+ rC+ rN+ MR+ rMut rCorr}
rElec    +         Reflect  .   b - +2 cloak {MR+}
rCorr    +         Harm     .   V - +3 pair of gauntlets of War {Slay+5}
rMut     +                      y - +2 pair of boots {run}
MR       +++++                  p - necklace of Bloodlust {*Rage +Rage MR++ Int-3 Slay+6 *Curse}
Stlth    ++++......             M - +4 ring of protection
HPRegen  0.51/turn              h - ring "Onoyb" {Wiz Str+4 Dex+2}
MPRegen  0.34/turn

@: lich-form, corroded, very slightly contaminated, hasted, very quick
A: distributed training, fangs 1, thin skeletal structure 1, yellow scales 1,
magic resistance 1, strong 1, MP-powered wands, strong nose
}: 15/15 runes: decaying, serpentine, slimy, silver, golden, iron, obsidian,
icy, bone, abyssal, demonic, glowing, magical, fiery, dark
a: End Transformation, Minor Destruction, Lesser Servant of Makhleb, Major
Destruction, Greater Servant of Makhleb, Renounce Religion, Evoke Berserk Rage


You were on level 26 of a ziggurat.
You worshipped Makhleb.
Makhleb was exalted by your worship.
You were not hungry.
You were a lich.
You visited 17 branches of the dungeon, and saw 89 of its levels.
You visited Pandemonium 1 time, and saw 13 of its levels.
You visited the Abyss 4 times.
You visited 1 bazaar.
You visited 1 ziggurat, and saw 26 of its levels.
You also visited: Trove, Ossuary, Bailey, Ice Cave and Wizlab.

You collected 19160 gold pieces.
You spent 3269 gold pieces at shops.

Inventory:

Hand Weapons
 g - a +9 broad axe of electrocution
 t - a +9 sacred scourge of holy wrath
 B - the +11 broad axe of Lunufinn (weapon) {drain, rC+ Dex+5}
   (You found it on level 25 of a ziggurat)

   A truly terrible weapon, it drains the life of those it strikes.
   It affects your dexterity (+5).
   It protects you from cold.
 I - the +14 obsidian axe {chop, +Fly SInv *Curse}
   (You found it on level 12 of a ziggurat)

   It inflicts extra damage upon your enemies.
   It lets you see invisible.
   It lets you fly.
   It curses itself when equipped.
Armour
 b - a +2 cloak of magic resistance (worn)
 y - a +2 pair of boots of running (worn)
 F - the -2 hat of the Alchemist (worn) {rElec rPois rF+ rC+ rN+ MR+ rMut rCorr}
   (You found it in a wizard's laboratory)

   It protects you from fire.
   It protects you from cold.
   It insulates you from electricity.
   It protects you from poison.
   It protects you from negative energy.
   It affects your resistance to hostile enchantments.
   It provides partial protection from all sources of acid and corrosion.
   It protects you from mutation.
 O - +12 gold dragon scales (worn)
 S - the +10 large shield of Ignorance (worn) {rN+ Int-4}
   (You found it on level 5 of the Pits of Slime)

   It affects your intelligence (-4).
   It protects you from negative energy.
 V - the +3 pair of gauntlets of War (worn) {Slay+5}
   (You found it on level 2 of the Depths)

   It affects your accuracy and damage with ranged weapons and melee attacks
   (+5).
Jewellery
 h - the ring "Onoyb" (right hand) {Wiz Str+4 Dex+2}
   (You took it off an ogre mage on level 5 of the Vaults)

   [ring of wizardry]

   It improves your spell success rate.
   It affects your strength (+4).
   It affects your dexterity (+2).
 p - the necklace of Bloodlust (around neck) {*Rage +Rage MR++ Int-3 Slay+6 *Curse}
   (You found it on level 3 of the Crypt)

   [amulet of rage]

   It affects your intelligence (-3).
   It affects your accuracy and damage with ranged weapons and melee attacks
   (+6).
   It affects your resistance to hostile enchantments.
   It lets you go berserk.
   It may make you go berserk in combat.
   It curses itself when equipped.
 M - a +4 ring of protection (left hand)
Wands
 m - a wand of iceblast (79)
 G - a wand of clouds (10)
 J - a wand of disintegration (62)
 K - a wand of paralysis (6)
 L - a wand of acid (13)
 T - a wand of digging (4) {@v1}
Scrolls
 a - 4 scrolls of immolation
 d - 8 scrolls of enchant armour
 j - 18 scrolls of fog
 k - 57 scrolls of remove curse {@r2}
 n - 34 scrolls of teleportation {@r4}
 r - 12 scrolls of blinking
 u - 16 scrolls of fear
 A - 7 scrolls of amnesia
 C - 4 scrolls of identify {@r1}
 E - 26 scrolls of magic mapping
 N - 7 scrolls of summoning
 Q - 3 scrolls of holy word
 U - 7 scrolls of enchant weapon
 W - a scroll of silence
Potions
 c - 5 potions of flight
 f - 24 potions of mutation
 i - 12 potions of haste
 l - 6 potions of berserk rage
 o - 5 potions of magic
 q - 8 potions of heal wounds {@q2}
 s - 15 potions of curing {@q1}
 v - 4 potions of brilliance
 z - 5 potions of invisibility
 D - 7 potions of ambrosia
 H - 4 potions of agility
 P - 2 potions of might
 R - 5 potions of resistance
 Z - 5 potions of cancellation
Miscellaneous
 w - 15 sacks of spiders
 Y - a lamp of fire
Comestibles
 e - 74 rations


   Skills:
 O Level 27 Fighting
 O Level 27 Short Blades
 O Level 27 Long Blades
 O Level 27 Axes
 O Level 27 Maces & Flails
 O Level 27 Polearms
 O Level 27 Staves
 O Level 27 Slings
 O Level 27 Bows
 O Level 27 Crossbows
 O Level 27 Throwing
 O Level 27 Armour
 O Level 27 Dodging
 O Level 27 Stealth
 O Level 27 Shields
 O Level 27 Unarmed Combat
 O Level 27 Spellcasting
 O Level 27 Conjurations
 O Level 27 Hexes
 O Level 27 Charms
 O Level 27 Summonings
 O Level 27 Necromancy
 O Level 27 Translocations
 O Level 27 Transmutations
 O Level 27 Fire Magic
 O Level 27 Ice Magic
 O Level 27 Air Magic
 O Level 27 Earth Magic
 O Level 27 Poison Magic
 O Level 27 Invocations
 O Level 27 Evocations


You had 50 spell levels left.
You knew the following spells:

 Your Spells              Type           Power        Failure   Level  Hunger
a - Necromutation         Tmut/Necr      ######....   1%          8    N/A
b - Infestation           Necr           ######....   1%          8    N/A
c - Ignition              Fire           ######....   1%          8    N/A
d - Passwall              Tmut/Erth      ######..     0%          2    N/A
e - Summon Lightning Spi  Summ/Air       ######..     0%          4    N/A

Your spell library contained the following spells:

 Spells                   Type           Power        Failure   Level  Hunger
 Animate Skeleton         Necr           N/A          0%          1    N/A
 Apportation              Tloc           ######       0%          1    N/A
 Beastly Appendage        Tmut           ######       0%          1    N/A
 Confusing Touch          Hex            ######       0%          1    N/A
 Corona                   Hex            ######.      0%          1    N/A
 Flame Tongue             Conj/Fire      #####        0%          1    N/A
 Freeze                   Ice            ####         0%          1    N/A
 Infusion                 Chrm           ####         0%          1    N/A
 Magic Dart               Conj           ####         0%          1    N/A
 Pain                     Necr           ####         0%          1    N/A
 Sandblast                Erth           ######       0%          1    N/A
 Shock                    Conj/Air       ####         0%          1    N/A
 Sting                    Conj/Pois      ####         0%          1    N/A
 Summon Butterflies       Summ           ######..     0%          1    N/A
 Summon Small Mammal      Summ           ####         0%          1    N/A
 Blink                    Tloc           N/A          0%          2    N/A
 Call Imp                 Summ           ######..     0%          2    N/A
 Corpse Rot               Necr           N/A          0%          2    N/A
 Ensorcelled Hibernation  Hex/Ice        ######       0%          2    N/A
 Poisonous Vapours        Pois/Air       ######       0%          2    N/A
 Searing Ray              Conj           ######       0%          2    N/A
 Shroud of Golubria       Chrm/Tloc      ######....   0%          2    N/A
 Slow                     Hex            ######..     0%          2    N/A
 Song of Slaying          Chrm           ######..     0%          2    N/A
 Sticks to Snakes         Tmut           ######..     0%          2    N/A
 Sublimation of Blood     Necr           ######....   0%          2    N/A
 Swiftness                Chrm/Air       ######..     0%          2    N/A
 Throw Flame              Conj/Fire      ######       0%          2    N/A
 Throw Frost              Conj/Ice       ######       0%          2    N/A
 Call Canine Familiar     Summ           ######..     0%          3    N/A
 Confuse                  Hex            ######..     0%          3    N/A
 Conjure Flame            Conj/Fire      ######..     0%          3    N/A
 Dazzling Spray           Conj/Hex       ######       0%          3    N/A
 Gell's Gravitas          Tloc           ######....   0%          3    N/A
 Ignite Poison            Fire/Tmut/Pois ######..     0%          3    N/A
 Inner Flame              Hex/Fire       ######..     0%          3    N/A
 Lesser Beckoning         Tloc           ######....   0%          3    N/A
 Mephitic Cloud           Conj/Pois/Air  ######..     0%          3    N/A
 Ozocubu's Armour         Chrm/Ice       ######..     0%          3    N/A
 Portal Projectile        Hex/Tloc       ######       0%          3    N/A
 Recall                   Summ/Tloc      N/A          0%          3    N/A
 Regeneration             Chrm/Necr      ######....   0%          3    N/A
 Spectral Weapon          Hex/Chrm       ######..     0%          3    N/A
 Spider Form              Tmut/Pois      ######....   0%          3    N/A
 Static Discharge         Conj/Air       ######..     0%          3    N/A
 Stone Arrow              Conj/Erth      ######       0%          3    N/A
 Summon Guardian Golem    Hex/Summ       ######..     0%          3    N/A
 Teleport Other           Tloc           ######..     0%          3    N/A
 Tukima's Dance           Hex            ######..     0%          3    N/A
 Vampiric Draining        Necr           ######....   0%          3    N/A
 Airstrike                Air            ######....   0%          4    N/A
 Animate Dead             Necr           N/A          0%          4    N/A
 Cause Fear               Hex            ######....   0%          4    N/A
 Force Lance              Conj/Tloc      ######..     0%          4    N/A
 Fulminant Prism          Conj/Hex       ######....   0%          4    N/A
 Ice Form                 Ice/Tmut       ######..     0%          4    N/A
 Iskenderun's Mystic Bla  Conj           ######..     0%          4    N/A
 Leda's Liquefaction      Hex/Erth       ######....   0%          4    N/A
 Olgreb's Toxic Radiance  Pois           ######..     0%          4    N/A
 Passage of Golubria      Tloc           N/A          0%          4    N/A
 Petrify                  Tmut/Erth      ######..     0%          4    N/A
 Sticky Flame             Conj/Fire      ######..     0%          4    N/A
 Summon Ice Beast         Ice/Summ       ######..     0%          4    N/A
 Throw Icicle             Conj/Ice       ######..     0%          4    N/A
 Agony                    Necr           ######..     0%          5    N/A
 Alistair's Intoxication  Tmut/Pois      ######..     0%          5    N/A
 Aura of Abjuration       Summ           ######....   0%          5    N/A
 Blade Hands              Tmut           ######....   0%          5    N/A
 Bolt of Draining         Conj/Necr      ######....   0%          5    N/A
 Bolt of Magma            Conj/Fire/Erth ######....   0%          5    N/A
 Borgnjor's Vile Clutch   Necr/Erth      ######....   0%          5    N/A
 Dispel Undead            Necr           ######..     0%          5    N/A
 Excruciating Wounds      Chrm/Necr      ######....   0%          5    N/A
 Fireball                 Conj/Fire      ######....   0%          5    N/A
 Irradiate                Conj/Tmut      ######....   0%          5    N/A
 Iskenderun's Battlesphe  Conj/Chrm      ######..     0%          5    N/A
 Lee's Rapid Deconstruct  Erth           ######....   0%          5    N/A
 Lightning Bolt           Conj/Air       ######....   0%          5    N/A
 Metabolic Englaciation   Hex/Ice        ######....   0%          5    N/A
 Silence                  Hex/Air        ######....   0%          5    N/A
 Summon Demon             Summ           ######....   0%          5    N/A
 Summon Forest            Summ/Tloc      ######....   0%          5    N/A
 Summon Mana Viper        Hex/Summ       ######..     0%          5    N/A
 Venom Bolt               Conj/Pois      ######....   0%          5    N/A
 Yara's Violent Unravell  Hex/Tmut       ######....   0%          5    N/A
 Bolt of Cold             Conj/Ice       ######....   1%          6    N/A
 Bolt of Fire             Conj/Fire      ######....   1%          6    N/A
 Conjure Ball Lightning   Conj/Air       ######....   1%          6    N/A
 Darkness                 Hex            ######....   1%          6    N/A
 Death Channel            Necr           ######....   1%          6    N/A
 Deflect Missiles         Chrm/Air       ######....   1%          6    N/A
 Dispersal                Tloc           ######....   1%          6    N/A
 Freezing Cloud           Conj/Ice/Air   ######....   1%          6    N/A
 Hydra Form               Tmut           ######....   1%          6    N/A
 Invisibility             Hex            ######..     1%          6    N/A
 Iron Shot                Conj/Erth      ######....   1%          6    N/A
 Ozocubu's Refrigeration  Ice            ######....   1%          6    N/A
 Poison Arrow             Conj/Pois      ######....   1%          6    N/A
 Shadow Creatures         Summ           N/A          1%          6    N/A
 Simulacrum               Ice/Necr       ######....   1%          6    N/A
 Statue Form              Tmut/Erth      ######...    1%          6    N/A
 Dragon Form              Tmut           ######....   1%          7    N/A
 Haunt                    Necr/Summ      ######....   1%          7    N/A
 Malign Gateway           Summ/Tloc      ######....   1%          7    N/A
 Monstrous Menagerie      Summ           ######....   1%          7    N/A
 Orb of Destruction       Conj           ######....   1%          7    N/A
 Ring of Flames           Chrm/Fire      ######....   1%          7    N/A
 Spellforged Servitor     Conj/Summ      ######....   1%          7    N/A
 Summon Greater Demon     Summ           ######....   1%          7    N/A
 Summon Hydra             Summ           ######....   1%          7    N/A
 Borgnjor's Revivificati  Necr           ######....   1%          8    N/A
 Chain Lightning          Conj/Air       ######....   1%          8    N/A
 Controlled Blink         Tloc           N/A          1%          8    N/A
 Death's Door             Chrm/Necr      ######....   1%          8    N/A
 Discord                  Hex            ######....   1%          8    N/A
 Disjunction              Tloc           ######....   1%          8    N/A
 Lehudib's Crystal Spear  Conj/Erth      ######....   1%          8    N/A
 Summon Horrible Things   Summ           ######....   1%          8    N/A
 Dragon's Call            Summ           ######....   9%          9    N/A
 Fire Storm               Conj/Fire      ######....   9%          9    N/A
 Glaciate                 Conj/Ice       ######....   9%          9    N/A
 Shatter                  Erth           ######....   9%          9    N/A
 Tornado                  Air            ######....   9%          9    N/A

Dungeon Overview and Level Annotations

Branches:
Dungeon (15/15)            Temple (0/1) D:5            Lair (6/6) D:9
  Swamp (4/4) Lair:3        Snake (4/4) Lair:2        Slime (5/5) Lair:6
    Orc (2/2) D:12            Elf (3/3) Orc:2        Vaults (5/5) D:13
  Crypt (3/3) Vaults:2       Tomb (3/3) Crypt:3      Depths (5/5) D:15
   Hell (1/1)                 Dis (7/7) Hell            Geh (7/7) Hell
    Coc (7/7) Hell            Tar (7/7) Hell            Zot (5/5) Depths:5

Altars:
Ashenzari
Cheibriados
Dithmenos
Gozag
Kikubaaqudgha
Makhleb
Okawaru
Vehumet
Wu Jian
Yredelemnul
The Shining One
Beogh
Jiyva

Shops:
D:4 :[   Orc:2 (*:[   Elf:3 (   Vaults:2 [=[*(   Vaults:3 :   Depths:3 (
Depths:4 %

Portals:
Hell: Depths:1 Depths:2 Depths:3 Depths:4 Depths:5
Abyss: Depths:1 Depths:2 Depths:3 Depths:4
Pandemonium: Depths:1 Depths:3


Innate Abilities, Weirdness & Mutations

Your experience applies equally to all skills.
You have very sharp teeth.
Your uncanny sense of smell can sniff out nearby items.
You have a somewhat thin skeletal structure. (Dex +2, Stealth)
You are partially covered in yellow scales. (AC +2)
You are resistant to hostile enchantments. (MR+)
Your muscles are strong. (Str +2)
You expend magic power (3 MP) to strengthen your wands.


Message History

Blink to where?
Press: ? - help, Dir - move target cursor
As you read the scroll of blinking, it crumbles to dust.
Enouwoize gestures.
The Killer Klown blinks!
As you read the scroll of fog, it crumbles to dust.
The scroll dissolves into smoke.
Reakkay gestures.
The Killer Klown blinks!
A snapping turtle comes into view.
You can't drink.
Enouwoize is no longer moving quickly.
You block Enouwoize's attack.
You slice Enouwoize!!
Enouwoize is severely wounded.
You block Enouwoize's attack.
You slice Enouwoize!!
Enouwoize is almost dead.
Enouwoize gestures at you.
You convulse!
You die...

▓▓▓▓▓▓▓▓▓▓ ..........▓▓
.......§§§§§▓▓
.......§§....▓▓
........§§§L..▓▓
.......§§p&§§..▓▓
.....p..§§§§§...▓▓
....P...§§§§§....▓▓
†....♣.P...p.........▓▓
....§.....♣&............▓▓
...%%....#.PP..........∩.▓
...%....♣..%............▓▓
.....%.§...♣...........▓▓


You could see Enouwoize and a Killer Klown.

Vanquished Creatures
  Cerebov (Pan)
  Antaeus (Coc:7)
  Asmodeus (Geh:7)
  43 pandemonium lords
  the Royal Jelly (Slime:5)
  Gloorx Vloq (Pan)
  Ereshkigal (Tar:7)
  the Serpent of Hell (Geh:7)
  Lom Lobon (Pan)
  Mnoleg (Pan)
  Dispater (Dis:7)
  5 orbs of fire
  9 ancient liches
  Mennas (Pan)
  3 juggernauts
  39 greater mummies
  Boris (Crypt:1)
  34 shard shrikes
  the Lernaean hydra (Swamp:4)
  2 curse toes
  Margery (Depths:4)
  Saint Roka (Snake:3)
  Geryon (Hell)
  14 Killer Klowns
  A caustic shrike (shapeshifter) (Zig:26)
  8 caustic shrikes
  Jory (Depths:4)
  13 golden dragons
  A mutant beast (WizLab)
  A profane servitor (Depths:1)
  33 bone dragons
  76 Tzitzimimeh
  4 electric golems
  29 doom hounds
  19 iron giants
  50 Brimstone Fiends
  17 liches
  18 tentacled monstrosities
  36 Ice Fiends
  3 hellephants
  Jorgrun (Swamp:1)
  The ghost of Romigiaga the Tortoise, an adept GnBe of Trog (Vaults:1)
  Rupert (D:15)
  19 Hell Sentinels
  6 deep elf master archers
  25 Orb Guardians (Zot:5)
  9 deep elf blademasters
  4 death cobs
  14 eldritch tentacles
  10 titans
  37 acid blobs
  8 quicksilver dragons
  35 ancient champions
  15 sphinxes
  27 Executioners
  A tentacled starspawn (Abyss:2)
  A shadow dragon (shapeshifter) (Zig:24)
  34 shadow dragons
  5 tengu reavers
  3 thorn hunters
  15 azure jellies
  The ghost of Aniz the Acrobat, an adept FeCK of Xom (Zot:3)
  A daeva (Pan)
  22 nagarajas
  3 revenants
  11 storm dragons
  5 blood saints (Pan)
  9 draconian monks
  32 frost giants
  15 vault wardens
  11 draconian scorchers
  18 cacodemons
  10 iron dragons
  3 deep elf sorcerers (Elf:3)
  34 fire giants
  20 draconian knights
  3 emperor scorpions (Zig:17)
  2 caustic shrike zombies
  7 ghost moths
  The ghost of binmo the Fighter, a journeyman MiBe of Trog (Lair:6)
  3 orc warlords
  10 warmongers (Pan)
  2 emperor scorpions (shapeshifter)
  3 deep elf elementalists (Elf:3)
  5 curse skulls
  8 draconian shifters
  13 ghouls
  51 balrugs
  2 angels
  33 war gargoyles
  A juggernaut skeleton (Zig:13)
  9 draconian stormcallers
  164 reapers
  14 ironheart preservers
  43 very ugly things
  2 ophanim (Abyss:5)
  A stone giant (shapeshifter) (Zig:24)
  21 bennus
  A caustic shrike skeleton (Zig:18)
  18 green draconians
  30 stone giants
  An entropy weaver (shapeshifter) (Orc:2)
  7 entropy weavers
  5 elemental wellsprings
  10 corrupters (Pan)
  9 draconian annihilators
  12 vampire knights
  9 black suns (Pan)
  Nessos (D:13)
  Azrael (Elf:1)
  7 deep elf demonologists
  A dire elephant (shapeshifter) (Zig:26)
  13 lorocyprocas
  14 white draconians
  2 dire elephants (Zig:11)
  11 red draconians
  A minotaur (shapeshifter) (Zig:24)
  14 purple draconians
  16 black draconians
  8 spark wasps
  8 deep elf annihilators
  15 yellow draconians
  A minotaur (Pan)
  4 ettins
  31 mummy priests
  A fire dragon (shapeshifter) (Zig:26)
  57 blizzard demons
  5 death oozes
  2 pearl dragon zombies (Depths:1)
  8 deep elf death magi
  26 green deaths
  2 eidola
  5 fire dragons
  4 kraken zombies
  5 jiangshi
  11 quicksilver dragon zombies
  17 yaktaur captains
  6 deep elf high priests
  11 quicksilver dragon skeletons
  13 great orbs of eyes
  9 monstrous demonspawn
  27 hydras
  A caustic shrike simulacrum (Zig:22)
  12 rakshasas
  37 ice dragons
  8 centaur warriors
  25 vault guards
  6 shambling mangroves
  23 naga warriors
  5 catoblepae
  7 ghost crabs
  Erica (D:8)
  4 hell beasts
  4 spriggan air magi (Pan)
  8 anacondas
  A death yak (shapeshifter) (Zig:24)
  8 alligators
  6 death knights
  68 two-headed ogres
  3 alligator snapping turtles (shapeshifter)
  19 ogre magi
  13 deep troll earth magi
  6 tengu warriors
  An alligator (shapeshifter) (Zig:24)
  42 death scarabs
  A thrashing horror (Abyss:2)
  26 titan zombies
  47 hell hogs
  34 dancing weapons
  11 death yaks
  6 deep troll shamans
  10 vampire magi
  69 soul eaters
  5 orc high priests
  97 sun demons
  15 naga sharpshooters
  5 spriggan berserkers
  6 holy swine (Pan)
  19 iron golems
  14 shock serpents
  25 storm dragon zombies
  76 hell knights
  28 deep elf knights
  12 iron trolls
  6 shadow wraiths
  3 fire crabs (shapeshifter)
  2 salamander mystics
  15 titan skeletons
  15 storm dragon skeletons
  15 sixfirhies
  10 sea snakes
  4 death drakes
  2 iron trolls (shapeshifter)
  A wretched star (Abyss:2)
  26 anaconda zombies
  A spark wasp zombie (Depths:1)
  7 unseen horrors
  3 unseen horrors (shapeshifter)
  14 torturous demonspawn (Pan)
  254 skeletal warriors
  A quicksilver dragon simulacrum (Coc:7)
  48 large abominations
  4 gelid demonspawn (Pan)
  26 deep trolls
  7 spriggan druids
  11 glowing orange brains
  2 cherubim (Abyss:5)
  An obsidian statue (Vaults:1)
  5 ghost moth zombies
  11 infernal demonspawn (Pan)
  41 shadow demons
  A glowing orange brain (shapeshifter) (Zig:24)
  8 wizards
  A kraken simulacrum (Coc:1)
  11 swamp dragons
  28 deep elf archers
  27 flayed ghosts
  10 golden dragon zombies
  A tengu zombie (Zig:16)
  13 golden dragon skeletons
  15 shadow dragon zombies
  4 naga ritualists
  18 anaconda skeletons
  Pikel (D:4)
  An orange crystal statue (Vaults:4)
  8 wolf spider zombies
  26 necromancers
  13 ironbrand convokers
  A sphinx zombie (Depths:1)
  15 orc knights
  4 harpies (D:15)
  33 phantasmal warriors
  A mana viper (shapeshifter) (WizLab)
  54 ugly things
  10 iron dragon zombies
  23 wolf spiders
  9 shadow dragon skeletons
  18 fire giant zombies
  A shining eye (shapeshifter) (Zig:24)
  21 frost giant zombies
  An orb spider (shapeshifter) (WizLab)
  14 orc sorcerers
  6 mana vipers
  71 deep elf magi
  A faun (shapeshifter) (Zig:26)
  3 orb spiders (Zig:15)
  7 cyclopes
  A sphinx skeleton (Crypt:2)
  4 oklob plants
  16 shining eyes
  5 elephants (Lair:5)
  4 apis skeletons (Depths:1)
  A guardian serpent (shapeshifter) (Zig:26)
  3 apocalypse crabs
  17 moths of wrath
  13 iron dragon skeletons
  21 stone giant zombies
  A cyclops (shapeshifter) (WizLab)
  16 dire elephant zombies
  3 manticores
  6 salamanders
  44 black mambas
  21 guardian serpents
  26 fire giant skeletons
  2 worldbinders (Abyss:2)
  4 black mambas (shapeshifter)
  10 frost giant skeletons
  4 shock serpent zombies
  6 eyes of devastation
  61 rust devils
  14 stone giant skeletons
  A torpor snail (shapeshifter) (Zig:26)
  5 ice statues
  2 titan simulacra
  Joseph (D:7)
  3 molten gargoyles
  19 naga magi
  53 smoke demons
  15 vault sentinels
  69 hellions
  3 storm dragon simulacra
  5 gargoyles
  21 orange demons
  11 dire elephant skeletons
  7 emperor scorpion zombies
  4 torpor snails
  A black draconian zombie (Coc:6)
  3 catoblepas zombies
  15 spiny frogs
  99 tormentors
  A yaktaur (shapeshifter) (Vaults:4)
  25 yaktaurs
  11 rime drakes
  2 komodo dragons (shapeshifter)
  Psyche (D:10)
  4 shock serpent skeletons
  A purple draconian zombie (Dis:4)
  3 rime drakes (shapeshifter)
  19 demonic crawlers
  21 efreet
  13 komodo dragons
  76 freezing wraiths
  4 tengu conjurers
  A catoblepas skeleton (Crypt:1)
  63 red devils
  29 hellwings (Pan)
  3 anaconda simulacra
  64 guardian mummies
  8 silent spectres
  A ghost moth simulacrum (Tar:4)
  93 ice devils
  A troll (shapeshifter) (WizLab)
  35 hydra zombies
  6 harpy zombies
  3 jumping spiders
  2 jumping spiders (shapeshifter) (WizLab)
  A merfolk (D:10)
  7 tyrant leeches
  2 hornets (shapeshifter) (WizLab)
  13 trolls
  A polar bear (Lair:3)
  20 hornets
  A red draconian skeleton (Coc:7)
  A raiju (shapeshifter) (Vaults:5)
  2 wolf spider simulacra
  23 hydra skeletons
  3 queen bees (shapeshifter)
  A tengu simulacrum (Zig:22)
  6 harpy skeletons
  A slime creature (shapeshifter) (Vaults:5)
  A polar bear (shapeshifter) (WizLab)
  10 fire dragon zombies
  15 alligator zombies
  3 raiju (Abyss:2)
  18 ettin zombies
  14 bog bodies
  7 dream sheep
  23 ice dragon zombies
  10 hippogriffs
  117 slime creatures
  2 hippogriffs (shapeshifter) (Vaults:4)
  A snapping turtle (shapeshifter) (Vaults:5)
  25 blink frogs
  A frost giant simulacrum (Vaults:3)
  278 flying skulls
  5 alligator skeletons
  A fire giant simulacrum (Coc:7)
  11 redbacks
  A redback (shapeshifter) (Zig:24)
  19 ettin skeletons
  6 air elementals
  18 fire dragon skeletons
  2 meliai zombies
  7 black mamba zombies
  5 wyverns
  9 ice dragon skeletons
  11 spriggans
  17 humans
  11 tarantellas
  2 tarantellas (shapeshifter)
  76 shadows
  35 ynoxinuls
  39 water elementals
  4 basilisks
  47 fire elementals
  67 wraiths
  2 yaks (shapeshifter)
  62 yaks
  18 ushabtiu
  A fire bat (shapeshifter) (Depths:4)
  3 hogs (shapeshifter)
  29 neqoxecs (Pan)
  15 small abominations
  A human (shapeshifter) (Depths:4)
  12 golden eyes
  A basilisk (shapeshifter) (WizLab)
  A steam dragon (Lair:5)
  14 hungry ghosts
  2 golden eyes (shapeshifter)
  5 black mamba skeletons
  25 chaos spawn
  A gelid demonspawn zombie (Coc:7)
  Menkaure (D:7)
  13 vampire mosquitoes
  7 spatial vortices
  3 acid dragons
  7 insubstantial wisps
  55 nagas
  A monstrous demonspawn zombie (Crypt:1)
  10 wargs
  3 hydra simulacra
  12 swamp worms
  21 spiny frog zombies
  25 water moccasins
  A swamp drake (shapeshifter) (Vaults:5)
  A floating eye (shapeshifter) (Depths:4)
  8 porcupines
  12 spiny frog skeletons
  130 hell hounds
  An ice beast (shapeshifter) (Vaults:4)
  8 floating eyes
  A merfolk skeleton (Coc:3)
  A slave (D:4)
  3 black bears
  5 elf simulacra
  16 phantoms
  A hornet zombie (D:13)
  A swamp dragon zombie (Geh:6)
  17 eyes of draining
  5 manticore zombies
  29 ice beasts
  An ice dragon simulacrum (Coc:3)
  51 orc warriors
  11 swamp drakes
  A black bear (shapeshifter) (WizLab)
  72 necrophages
  6 sky beasts
  3 alligator simulacra
  A tengu (shapeshifter) (Vaults:4)
  6 snapping turtle zombies
  A black mamba simulacrum (Coc:7)
  2 eyes of draining (shapeshifter)
  53 ogres
  7 wolves
  22 centaurs
  2 human skeletons (Vaults:3)
  12 crocodiles
  A boggart (shapeshifter) (Vaults:5)
  5 swamp dragon skeletons
  8 snapping turtle skeletons
  4 manticore skeletons
  4 elf zombies
  3 big kobolds
  18 bullfrogs
  8 gnoll sergeants (Bailey)
  4 spiny frog simulacra
  A deep troll simulacrum (Vaults:3)
  5 earth elementals
  5 elf skeletons
  A glowing shapeshifter simulacrum (Zig:22)
  A salamander skeleton (Crypt:2)
  12 scorpions
  3 troll zombies
  10 killer bees (D:10)
  4 spriggan zombies
  2 spriggan skeletons
  A swamp dragon simulacrum (Coc:2)
  120 wights
  11 howler monkeys
  3 electric eels
  14 centaur zombies
  12 crimson imps
  4 draconian simulacra (IceCv)
  3 quasits
  A bullfrog zombie (D:12)
  16 orc priests
  3 jellies
  12 centaur skeletons
  6 gnoll shamans (Bailey)
  7 hounds
  47 iron imps
  10 orc wizards
  3 bullfrog skeletons
  5 human zombies
  10 iguanas
  Natasha (D:4)
  4 hell rats (Lair:3)
  9 worker ants
  A lightning spire (Zig:14)
  A spriggan simulacrum (IceCv)
  A polar bear simulacrum (IceCv)
  3 troll simulacra (IceCv)
  A wolf simulacrum (IceCv)
  A demigod zombie (Crypt:2)
  3 ogre zombies
  5 centaur simulacra (IceCv)
  A naga zombie (Dis:3)
  2 big kobold zombies (Ossuary)
  3 tengu skeletons
  An ogre skeleton (Geh:7)
  122 mummies
  A naga skeleton (Crypt:2)
  A hound skeleton (D:11)
  17 gnolls
  5 naga simulacra (IceCv)
  4 scorpion zombies (Ossuary)
  17 adders
  2 ogre simulacra (IceCv)
  43 shadow imps
  65 white imps
  2 ufetubi (Abyss:2)
  3 adder skeletons
  4 worms
  3 ball lightnings (Pan)
  7 dart slugs
  6 leopard geckos
  52 orcs
  A ball python (Lair:2)
  7 giant cockroaches
  8 goblins
  7 hobgoblins
  6 jackals
  16 kobolds
  3 quokkas
  15 bats
  5 frilled lizards
  A gnoll zombie (Ossuary)
  A goblin skeleton (Crypt:1)
  A goblin zombie (Ossuary)
  2 hobgoblin zombies (Ossuary)
  2 jackal skeletons
  A jackal zombie (Crypt:1)
  3 kobold skeletons
  2 orc skeletons
  4 orc zombies
  6 rats
  3 briar patches (Swamp:2)
  3 bushes (Zig:26)
  2 crawling corpses (Vaults:5)
  3 fire vortices
  4 fungi
  A lurking horror (Abyss:2)
  8 plants
  A starspawn tentacle (Abyss:2)
  7 tentacles
  A withered plant (Crypt:3)
7499 creatures vanquished.

Vanquished Creatures (collateral kills)
  2 pandemonium lords (Zig:24)
  7 greater mummies
  A shard shrike (Zig:18)
  3 Ice Fiends
  A deep elf blademaster (Elf:3)
  2 acid blobs (Zig:20)
  A draconian monk (Zig:25)
  2 frost giants (Zig:23)
  A deep elf sorcerer (Elf:3)
  A ghost moth (Zig:15)
  7 nagarajas (Zig:21)
  A draconian scorcher (Zig:25)
  A juggernaut zombie (Zig:18)
  2 draconian shifters (Zig:25)
  4 draconian knights
  A draconian stormcaller (Zig:25)
  2 reapers (Zig:18)
  A caustic shrike skeleton (Zig:19)
  3 bennus
  2 entropy weavers (Zig:15)
  A purple draconian (Zig:25)
  A black draconian (Zig:25)
  2 deep elf annihilators (Elf:3)
  2 yellow draconians (Zig:25)
  3 red draconians (Zig:25)
  3 white draconians (Zig:25)
  3 blizzard demons
  2 death oozes (Zig:20)
  A mummy priest (Zig:19)
  4 ice dragons
  A death scarab (Zig:19)
  A titan skeleton (Zig:19)
  2 naga sharpshooters (Zig:21)
  A salamander mystic (Zig:21)
  A skeletal warrior (Zig:18)
  2 golden dragon zombies
  A glowing orange brain (Zig:20)
  A storm dragon skeleton (Zig:18)
  5 orb spiders
  A sphinx zombie (Zig:13)
  A wolf spider (Zig:15)
  A shadow dragon zombie (Zig:18)
  An orange crystal statue (Zig:17)
  2 tengu skeletons (Zig:18)
  A deep elf mage (Elf:3)
  An iron dragon skeleton (Zig:16)
  A salamander (Zig:21)
  A spriggan zombie (Zig:18)
  A naga mage (Zig:21)
  2 eyes of devastation (Zig:20)
  An apocalypse crab (Zig:24)
  2 demonic crawlers (Zig:15)
  A tormentor (Zig:18)
  A freezing wraith (Zig:13)
  3 guardian mummies (Zig:19)
  A golden dragon simulacrum (Zig:23)
  2 ice devils (Zig:18)
  3 jumping spiders
  3 slime creatures (Zig:20)
  A flying skull (Zig:16)
  3 redbacks
  2 tarantellas (Zig:17)
  An elf skeleton (Zig:19)
  3 ushabtiu
  2 ice beasts (Zig:23)
  11 mummies
135 creatures vanquished.

Vanquished Creatures (others)
  A Killer Klown (Zig:24)
  2 liches
  2 deep elf master archers
  A deep elf blademaster (Crypt:1)
  5 eldritch tentacles
  A fire giant (Geh:7)
  3 frost giants
  A revenant (Tomb:2)
  A draconian scorcher (Zig:25)
  A ghost moth (Pan)
  A reaper (Pan)
  An elemental wellspring (Coc:5)
  A draconian annihilator (Zot:3)
  A war gargoyle (Dis:7)
  2 stone giants
  A lorocyproca (Pan)
  A deep elf annihilator (Pan)
  A blood saint (Pan)
  A centaur warrior (Vaults:3)
  An alligator snapping turtle (shapeshifter) (Zig:24)
  49 death scarabs (Tomb:2)
  2 hell hogs
  A naga sharpshooter (Snake:1)
  A spriggan berserker (Depths:5)
  A skeletal warrior (Tar:2)
  A flayed ghost (Tar:4)
  A golden dragon skeleton (Tomb:2)
  2 wizards (Pan)
  3 deep elf archers
  A glowing orange brain (Pan)
  2 necromancers
  A cyclops (D:15)
  A moth of wrath (Zot:5)
  A fire giant skeleton (Coc:7)
  A naga mage (Snake:1)
  An apocalypse crab (Zig:24)
  A smoke demon (Pan)
  An emperor scorpion zombie (Tomb:2)
  3 yaktaurs
  2 guardian mummies (Tomb:3)
  3 flying skulls
  2 shadows
  A wraith (Crypt:3)
  A ynoxinul (Pan)
  A fire elemental (Geh:2)
  3 nagas
  A swamp worm (Swamp:2)
  A swamp drake (Swamp:4)
  A hell hound (Tar:3)
  3 centaurs
  An orc wizard (Vaults:4)
  5 mummies
  2 white imps (Coc:7)
  15 ball lightnings (Pan)
  A gnoll zombie (Ossuary)
  A kobold (D:11)
  A block of ice (Pan)
  A bush (Zig:26)
  A fire vortex (Pan)
  38 fungi
  20 plants
  A starspawn tentacle (Abyss:2)
  10 tentacles
219 creatures vanquished.

Grand Total: 7853 creatures vanquished

Notes
Turn   | Place    | Note
-------+----------+-------------------------------------------
     0 | D:1      | Violenta the Gnoll Fighter began the quest for the Orb.
     0 | D:1      | Reached XP level 1. HP: 23/23 MP: 1/1
   179 | D:1      | Reached XP level 2. HP: 20/29 MP: 2/2
   824 | D:2      | Reached XP level 3. HP: 33/35 MP: 3/3
   995 | D:2      | Found a snail-covered altar of Cheibriados.
  1005 | D:2      | Reached skill level 1 in Invocations
  1090 | D:2      | Found a basalt altar of Yredelemnul.
  1093 | D:2      | Found a glowing golden altar of the Shining One.
  1117 | D:2      | Reached skill level 1 in Short Blades
  1117 | D:2      | Reached skill level 1 in Long Blades
  1117 | D:2      | Reached skill level 1 in Maces & Flails
  1117 | D:2      | Reached skill level 1 in Polearms
  1117 | D:2      | Reached skill level 1 in Staves
  1117 | D:2      | Reached skill level 1 in Slings
  1117 | D:2      | Reached skill level 1 in Bows
  1117 | D:2      | Reached skill level 1 in Crossbows
  1117 | D:2      | Reached skill level 1 in Throwing
  1117 | D:2      | Reached skill level 1 in Dodging
  1117 | D:2      | Reached skill level 1 in Stealth
  1117 | D:2      | Reached skill level 1 in Unarmed Combat
  1117 | D:2      | Reached skill level 1 in Spellcasting
  1117 | D:2      | Reached skill level 1 in Evocations
  1119 | D:2      | Reached XP level 4. HP: 41/41 MP: 5/5
  1213 | D:2      | Found a shattered altar of Ashenzari.
  1834 | D:3      | Reached skill level 1 in Conjurations
  1834 | D:3      | Reached skill level 1 in Hexes
  1834 | D:3      | Reached skill level 1 in Charms
  1834 | D:3      | Reached skill level 1 in Summonings
  1834 | D:3      | Reached skill level 1 in Necromancy
  1834 | D:3      | Reached skill level 1 in Translocations
  1834 | D:3      | Reached skill level 1 in Transmutations
  1834 | D:3      | Reached skill level 1 in Fire Magic
  1834 | D:3      | Reached skill level 1 in Ice Magic
  1834 | D:3      | Reached skill level 1 in Air Magic
  1834 | D:3      | Reached skill level 1 in Earth Magic
  1834 | D:3      | Reached skill level 1 in Poison Magic
  2042 | D:3      | Found an iron altar of Okawaru.
  2065 | D:3      | Became a worshipper of Warmaster Okawaru
  2067 | D:3      | Reached XP level 5. HP: 21/47 MP: 5/7
  2901 | D:4      | Noticed a slave
  2901 | D:4      | Noticed a slave
  2902 | D:4      | Noticed Pikel
  2903 | D:4      | Noticed a slave
  2903 | D:4      | Noticed a slave
  3175 | D:4      | Noticed Natasha
  3180 | D:4      | Killed Natasha
  3210 | D:4      | Reached XP level 6. HP: 53/53 MP: 8/8
  3245 | D:4      | Found Meomuor's Armour Emporium.
  3396 | D:4      | Found Qulewo's Book Boutique.
  3546 | D:4      | Killed a slave
  3642 | D:4      | HP: 2/53 [Pikel/+1 whip of electrocution (16)]
  3643 | D:4      | Killed Pikel
  3643 | D:4      | Reached * piety under Okawaru
  3643 | D:4      | Reached ** piety under Okawaru
  3643 | D:4      | Reached skill level 5 in Axes
  3643 | D:4      | Reached XP level 7. HP: 2/60 MP: 8/10
  4143 | D:5      | Entered Level 5 of the Dungeon
  4282 | D:5      | Reached XP level 8. HP: 67/67 MP: 12/12
  4402 | D:5      | Found a sand-covered staircase.
  4422 | Ossuary  | Entered an ossuary
  5080 | Ossuary  | Reached *** piety under Okawaru
  5399 | Ossuary  | Received a gift from Okawaru
  5399 | Ossuary  | Reached XP level 9. HP: 51/72 MP: 14/14
  5826 | D:5      | Found an ornate altar of the Wu Jian Council.
  6070 | D:5      | Found a staircase to the Ecumenical Temple.
  6362 | D:6      | Got a heavily runed leather armour
  6992 | D:7      | Noticed Joseph
  6998 | D:7      | Cast into level 1 of the Abyss (Joseph)
  7030 | D:7      | Escaped the Abyss
  7035 | D:7      | Killed Joseph
  7140 | D:7      | Received a gift from Okawaru
  7184 | D:7      | Found a radiant altar of Vehumet.
  7185 | D:7      | Found a shadowy altar of Dithmenos.
  7189 | D:7      | Found a burning altar of Makhleb.
  7213 | D:7      | Noticed Menkaure
  7222 | D:7      | Killed Menkaure
  7505 | D:7      | Found an opulent altar of Gozag.
  7601 | D:7      | Reached skill level 5 in Invocations
  8093 | D:8      | Found a flagged portal.
  8128 | Bailey   | Entered a bailey
  8141 | Bailey   | Reached XP level 10. HP: 76/80 MP: 17/17
  8733 | Bailey   | Reached skill level 5 in Short Blades
  8733 | Bailey   | Reached skill level 5 in Long Blades
  8733 | Bailey   | Reached skill level 5 in Maces & Flails
  8733 | Bailey   | Reached skill level 5 in Polearms
  8733 | Bailey   | Reached skill level 5 in Staves
  8733 | Bailey   | Reached skill level 5 in Slings
  8733 | Bailey   | Reached skill level 5 in Bows
  8733 | Bailey   | Reached skill level 5 in Crossbows
  8733 | Bailey   | Reached skill level 5 in Throwing
  8733 | Bailey   | Reached skill level 5 in Dodging
  8733 | Bailey   | Reached skill level 5 in Stealth
  8733 | Bailey   | Reached skill level 5 in Unarmed Combat
  8733 | Bailey   | Reached skill level 5 in Spellcasting
  8733 | Bailey   | Reached skill level 5 in Evocations
  8741 | Bailey   | HP: 4/81 [gnoll sergeant/+0 halberd (9)]
  8748 | Bailey   | Reached **** piety under Okawaru
  9536 | D:8      | Noticed Erica
  9577 | D:8      | Killed Erica
  9978 | D:8      | Paralysed by a hornet for 1 turns
 10923 | D:9      | Found a staircase to the Lair.
 10943 | D:9      | Reached XP level 11. HP: 69/87 MP: 19/19
 11322 | D:10     | Entered Level 10 of the Dungeon
 11391 | D:10     | Received a gift from Okawaru
 11919 | D:10     | Noticed Psyche
 11933 | D:10     | Killed Psyche
 12321 | D:10     | Noticed a deep elf mage
 12331 | D:10     | Noticed a soul eater
 12331 | D:10     | Killed a deep elf mage
 12331 | D:10     | Reached skill level 5 in Conjurations
 12331 | D:10     | Reached skill level 5 in Hexes
 12331 | D:10     | Reached skill level 5 in Charms
 12331 | D:10     | Reached skill level 5 in Summonings
 12331 | D:10     | Reached skill level 5 in Necromancy
 12331 | D:10     | Reached skill level 5 in Translocations
 12331 | D:10     | Reached skill level 5 in Transmutations
 12331 | D:10     | Reached skill level 5 in Fire Magic
 12331 | D:10     | Reached skill level 5 in Ice Magic
 12331 | D:10     | Reached skill level 5 in Air Magic
 12331 | D:10     | Reached skill level 5 in Earth Magic
 12331 | D:10     | Reached skill level 5 in Poison Magic
 12632 | D:11     | Received a gift from Okawaru
 12933 | D:11     | Noticed a cyclops
 12947 | D:11     | Killed a cyclops
 13061 | D:11     | Found a frozen archway.
 13088 | IceCv    | Entered an ice cave
 13853 | IceCv    | Reached ***** piety under Okawaru
 13903 | IceCv    | Reached XP level 12. HP: 55/96 MP: 22/22
 14087 | IceCv    | Found an ancient bone altar of Kikubaaqudgha.
 14621 | IceCv    | Received a gift from Okawaru
 15772 | D:11     | Noticed a two-headed ogre
 15783 | D:11     | Killed a two-headed ogre
 15812 | D:11     | Noticed a two-headed ogre
 15822 | D:11     | Killed a two-headed ogre
 16233 | D:11     | Noticed an eight-headed hydra
 16241 | D:11     | Killed a four-headed hydra
 16354 | D:11     | Noticed a two-headed ogre
 16361 | D:11     | Killed a two-headed ogre
 16363 | D:11     | Received a gift from Okawaru
 16368 | D:11     | Got a crude demon trident {god gift}
 16369 | D:11     | Identified the +7 demon trident of Upheaval {vamp, rF-
                  | Int+4 SInv} (Okawaru gifted it to you on level 11 of the
                  | Dungeon)
 16489 | D:11     | Noticed a two-headed ogre
 16504 | D:11     | Killed a two-headed ogre
 16504 | D:11     | Reached skill level 10 in Fighting
 16504 | D:11     | Reached skill level 10 in Armour
 16504 | D:11     | Reached skill level 10 in Shields
 17024 | D:12     | Reached XP level 13. HP: 91/103 MP: 22/24
 17179 | D:12     | Found a staircase to the Orcish Mines.
 18069 | D:13     | Found a gate to the Vaults.
 18069 | D:13     | Noticed Nessos
 18373 | D:13     | Received a gift from Okawaru
 19766 | D:13     | Killed Nessos
 19896 | D:13     | Received a gift from Okawaru
 20068 | D:13     | Received a gift from Okawaru
 20715 | D:14     | Found a labyrinth entrance.
 21571 | D:14     | Reached XP level 14. HP: 73/111 MP: 26/26
 22430 | D:15     | Entered Level 15 of the Dungeon
 22452 | D:15     | Received a gift from Okawaru
 22457 | D:15     | Reached skill level 10 in Axes
 22744 | D:15     | Found a portal to a secret trove of treasure.
 22751 | D:15     | You paid a toll of a +7 demon trident to enter a treasure
                  | trove
 22752 | Trove    | Entered a treasure trove
 22755 | Trove    | Found the +7 great mace "Firestarter" {inner flame, rF++}
 22760 | Trove    | Got a pitted lajatang
 22773 | Trove    | Got a steaming war axe
 22807 | D:15     | Identified the +9 war axe of Death {freeze, Int+2 Dex+6}
                  | (You found it in a treasure trove)
 22892 | D:15     | Noticed Rupert
 22905 | D:15     | Killed Rupert
 23134 | D:15     | Found a staircase to the Depths.
 23164 | D:15     | Received a gift from Okawaru
 23243 | D:15     | Reached skill level 10 in Invocations
 23804 | D:15     | Received a gift from Okawaru
 23859 | D:15     | Reached XP level 15. HP: 41/119 MP: 28/28
 24624 | Lair:1   | Entered Level 1 of the Lair of Beasts
 24638 | Lair:1   | Received a gift from Okawaru
 25521 | Lair:2   | Reached skill level 10 in Ice Magic
 25550 | Lair:2   | Found a staircase to the Snake Pit.
 26369 | Lair:3   | Received a gift from Okawaru
 26936 | Lair:3   | Reached skill level 10 in Short Blades
 26936 | Lair:3   | Reached skill level 10 in Long Blades
 26936 | Lair:3   | Reached skill level 10 in Maces & Flails
 26936 | Lair:3   | Reached skill level 10 in Polearms
 26936 | Lair:3   | Reached skill level 10 in Staves
 26936 | Lair:3   | Reached skill level 10 in Slings
 26936 | Lair:3   | Reached skill level 10 in Bows
 26936 | Lair:3   | Reached skill level 10 in Crossbows
 26936 | Lair:3   | Reached skill level 10 in Throwing
 26936 | Lair:3   | Reached skill level 10 in Dodging
 26936 | Lair:3   | Reached skill level 10 in Stealth
 26936 | Lair:3   | Reached skill level 10 in Unarmed Combat
 26936 | Lair:3   | Reached skill level 10 in Spellcasting
 26936 | Lair:3   | Reached skill level 10 in Evocations
 27222 | Lair:3   | Found a staircase to the Swamp.
 27328 | Lair:3   | Got a translucent bronze ring
 27329 | Lair:3   | Identified the ring of Piburph {MP+9 Str+4 Stlth+} (You
                  | found it on level 3 of the Lair of Beasts)
 29057 | Lair:5   | Received a gift from Okawaru
 29292 | Lair:6   | Entered Level 6 of the Lair of Beasts
 29413 | Lair:6   | Reached XP level 16. HP: 81/127 MP: 30/30
 29417 | Lair:6   | Received a gift from Okawaru
 29656 | Lair:6   | Received a gift from Okawaru
 29664 | Lair:6   | Got a pair of slimy gloves {god gift}
 29665 | Lair:6   | Identified the +0 pair of gloves of the Equator {rF+}
                  | (Okawaru gifted it to you on level 6 of the Lair of Beasts)
 30519 | Lair:6   | Found an ancient bone altar of Kikubaaqudgha.
 30749 | Lair:6   | Found a large runed door.
 30749 | Lair:6   | Found a large runed door.
 31014 | Lair:6   | Found a viscous altar of Jiyva.
 31015 | Lair:6   | Found a staircase to the Slime Pits.
 31079 | Lair:6   | Noticed binmo's ghost (journeyman MiBe)
 31080 | Lair:6   | Found the ring of the Octopus King
 31343 | Lair:6   | Killed binmo's ghost
 31350 | Lair:6   | Got a ring of the Octopus King
 31439 | Lair:6   | Identified a ring of the Octopus King {AC+1 EV+1 Str+1
                  | Int+1 Dex+1 Stlth+} (You found it on level 6 of the Lair of
                  | Beasts)
 31666 | Orc:1    | Entered Level 1 of the Orcish Mines
 32111 | Orc:2    | Entered Level 2 of the Orcish Mines
 32111 | Orc:2    | Found Onnaj's Book Boutique.
 32459 | Orc:2    | Found Zoafeuz's General Store.
 32498 | Orc:2    | Reached ****** piety under Okawaru
 32499 | Orc:2    | Found a roughly hewn altar of Beogh.
 32500 | Orc:2    | Received a gift from Okawaru
 33056 | Orc:2    | Found Idoali's Antique Armour Shoppe.
 33105 | Orc:2    | Found a staircase to the Elven Halls.
 33172 | Orc:2    | Found Okhiroes's Antique Weapon Emporium.
 33827 | Orc:2    | Bought a runed demon whip for 432 gold pieces
 33867 | Elf:1    | Entered Level 1 of the Elven Halls
 34483 | Elf:1    | Reached XP level 17. HP: 135/135 MP: 30/32
 34948 | Elf:1    | Noticed Azrael
 35039 | Elf:1    | Received a gift from Okawaru
 35234 | Elf:1    | Identified the amulet "Cefiag" {Acrobat +Inv}
 35277 | Elf:1    | Killed Azrael
 35886 | Elf:2    | Received a gift from Okawaru
 35986 | Elf:2    | Identified the +6 scimitar of Weewij {antimagic, +Inv
                  | Dex+2}
 36877 | Elf:2    | Found a runed gate.
 36880 | Elf:2    | Found a runed gate.
 36894 | Elf:2    | Found a runed gate.
 37342 | Elf:2    | Received a gift from Okawaru
 37353 | Elf:2    | Got a scorched morningstar {god gift}
 37354 | Elf:2    | Identified the +7 morningstar "Dakowel" {crush, rF+}
                  | (Okawaru gifted it to you on level 2 of the Elven Halls)
 37542 | Elf:2    | Noticed a deep elf blademaster
 37569 | Elf:2    | Killed a deep elf blademaster
 37894 | Elf:2    | Reached skill level 10 in Conjurations
 37894 | Elf:2    | Reached skill level 10 in Hexes
 37894 | Elf:2    | Reached skill level 10 in Charms
 37894 | Elf:2    | Reached skill level 10 in Summonings
 37894 | Elf:2    | Reached skill level 10 in Necromancy
 37894 | Elf:2    | Reached skill level 10 in Translocations
 37894 | Elf:2    | Reached skill level 10 in Transmutations
 37894 | Elf:2    | Reached skill level 10 in Fire Magic
 37894 | Elf:2    | Reached skill level 10 in Air Magic
 37894 | Elf:2    | Reached skill level 10 in Earth Magic
 37894 | Elf:2    | Reached skill level 10 in Poison Magic
 38064 | Elf:2    | Received a gift from Okawaru
 38256 | Elf:3    | Entered Level 3 of the Elven Halls
 38272 | Elf:3    | Reached XP level 18. HP: 119/143 MP: 33/33
 38680 | Elf:3    | Received a gift from Okawaru
 38683 | Elf:3    | Got a dazzling demon trident {god gift}
 38924 | Elf:3    | Identified the +7 short sword "Cuenyxuz" {protect, Str+3
                  | Dex-4}
 38930 | Elf:3    | Cast into level 2 of the Abyss (a deep elf sorcerer)
 38931 | Abyss:2  | Found a corrupted altar of Lugonu.
 39543 | Elf:3    | Escaped the Abyss
 40746 | Elf:3    | Noticed a Hell Sentinel
 40869 | Elf:3    | Found Nexi's Weapon Shoppe.
 40916 | Elf:3    | Received a gift from Okawaru
 40944 | Elf:3    | Learned a level 4 spell: Summon Lightning Spire
 41459 | Elf:3    | Noticed a deep elf blademaster
 41484 | Elf:3    | Killed a deep elf blademaster
 41730 | Elf:3    | Noticed a deep elf master archer
 41847 | Elf:3    | Noticed a deep elf blademaster
 41854 | Elf:3    | Killed a deep elf blademaster
 42554 | Elf:3    | Noticed a deep elf master archer
 42577 | Elf:3    | Killed a deep elf master archer
 42949 | Elf:3    | Identified the Guide on Darkness
 43652 | Snake:1  | Entered Level 1 of the Snake Pit
 44052 | Snake:1  | Received a gift from Okawaru
 44643 | Snake:1  | Reached XP level 19. HP: 139/151 MP: 35/35
 46238 | Snake:3  | Found a flickering gateway to a bazaar.
 46258 | Bazaar   | Entered a bazaar
 46269 | Bazaar   | Found Plog's Magic Scroll Shop.
 46283 | Bazaar   | Found Jiduh's Food Boutique.
 46297 | Bazaar   | Found Piadywu's Antique Weapon Shop.
 46311 | Bazaar   | Found Intiomox's Food Boutique.
 46325 | Bazaar   | Found Megaf's Magic Scroll Shop.
 46333 | Bazaar   | Bought a scroll of acquirement for 884 gold pieces
 46333 | Bazaar   | Bought a scroll of enchant armour for 127 gold pieces
 46333 | Bazaar   | Bought a scroll of identify for 34 gold pieces
 46333 | Bazaar   | Bought a scroll of teleportation for 51 gold pieces
 46335 | Bazaar   | Identified the +1 demon trident of Valuable Assets {pierce,
                  | Str+5} (Okawaru gifted it to you on level 3 of the Elven
                  | Halls)
 46344 | Bazaar   | Found Yjeidyl's Food Boutique.
 46467 | Bazaar   | Bought a scroll of enchant armour for 82 gold pieces
 46467 | Bazaar   | Bought a scroll of enchant armour for 82 gold pieces
 46495 | Bazaar   | Bought a scroll of identify for 22 gold pieces
 46495 | Bazaar   | Bought a scroll of identify for 22 gold pieces
 46509 | Bazaar   | Bought a ration for 40 gold pieces
 46509 | Bazaar   | Bought a ration for 40 gold pieces
 46509 | Bazaar   | Bought a ration for 40 gold pieces
 46509 | Bazaar   | Bought a ration for 40 gold pieces
 46509 | Bazaar   | Bought a ration for 40 gold pieces
 46509 | Bazaar   | Bought a ration for 40 gold pieces
 46509 | Bazaar   | Bought a ration for 40 gold pieces
 46509 | Bazaar   | Bought a ration for 40 gold pieces
 46509 | Bazaar   | Bought a ration for 40 gold pieces
 46509 | Bazaar   | Bought a ration for 40 gold pieces
 46509 | Bazaar   | Bought a ration for 40 gold pieces
 46509 | Bazaar   | Bought a ration for 40 gold pieces
 46509 | Bazaar   | Bought a ration for 40 gold pieces
 46800 | Snake:3  | Received a gift from Okawaru
 47409 | Snake:3  | Received a gift from Okawaru
 47964 | Snake:3  | Noticed Saint Roka
 47990 | Snake:3  | Killed Saint Roka
 48048 | Snake:3  | Identified the ring "Ziless" {rCorr *Corrode rC++ rN+
                  | Dex-3}
 48506 | Snake:4  | Entered Level 4 of the Snake Pit
 49346 | Snake:4  | Received a gift from Okawaru
 50469 | Snake:4  | Reached XP level 20. HP: 153/159 MP: 27/36
 50532 | Snake:4  | Got a serpentine rune of Zot
 51046 | Vaults:1 | Entered Level 1 of the Vaults
 51292 | Vaults:1 | Found a runed gate.
 51292 | Vaults:1 | Found a runed gate.
 51292 | Vaults:1 | Found a runed gate.
 51292 | Vaults:1 | Found an opulent altar of Gozag.
 51293 | Vaults:1 | Noticed Romigiaga's ghost (adept GnBe)
 51707 | Vaults:1 | Received a gift from Okawaru
 52859 | Vaults:1 | Received a gift from Okawaru
 53653 | Vaults:1 | Killed Romigiaga's ghost
 53653 | Vaults:1 | Received a gift from Okawaru
 53732 | Vaults:2 | Found Hyorhix's Weapon Boutique.
 53974 | Vaults:2 | Received a gift from Okawaru
 54291 | Vaults:2 | Found Odenid's Armour Boutique.
 54298 | Vaults:2 | Bought the +7 chain mail of the Invisible Curses {rElec
                  | Regen+ Stlth+} for 1013 gold pieces
 54388 | Vaults:2 | Reached XP level 21. HP: 163/166 MP: 36/38
 54438 | Vaults:2 | Found Vecyif's Assorted Antiques.
 54447 | Vaults:2 | Found Sipucega's Jewellery Boutique.
 54865 | Vaults:2 | Found a staircase to the Crypt.
 54865 | Vaults:2 | Found a basalt altar of Yredelemnul.
 54866 | Vaults:2 | Found an ancient bone altar of Kikubaaqudgha.
 55054 | Vaults:2 | Found Zaoc's Antique Armour Shop.
 55127 | Vaults:3 | Reached skill level 15 in Ice Magic
 55818 | Vaults:3 | Reached skill level 15 in Fighting
 55818 | Vaults:3 | Reached skill level 15 in Armour
 55818 | Vaults:3 | Reached skill level 15 in Shields
 55838 | Vaults:3 | Received a gift from Okawaru
 56048 | Vaults:3 | Found Raogh's Book Boutique.
 56300 | Vaults:4 | Reached skill level 15 in Invocations
 57179 | Vaults:4 | Received a gift from Okawaru
 57199 | Vaults:4 | Received a gift from Okawaru
 57346 | Vaults:4 | Reached XP level 22. HP: 175/175 MP: 40/40
 58357 | Depths:1 | Entered Level 1 of the Depths
 58810 | Depths:1 | Found a gateway to Hell.
 58872 | Depths:1 | Found a one-way gate to the infinite horrors of the Abyss.
 58926 | Depths:1 | Reached skill level 15 in Axes
 58944 | Depths:1 | Received a gift from Okawaru
 58985 | Depths:1 | Noticed a profane servitor
 59104 | Depths:1 | Found a basalt altar of Yredelemnul.
 59128 | Depths:1 | Killed a profane servitor
 59401 | Depths:1 | Found a one-way gate leading to the halls of Pandemonium.
 59551 | Depths:2 | Received a gift from Okawaru
 59738 | Depths:2 | Noticed a golden dragon
 59752 | Depths:2 | Killed a golden dragon
 59770 | Depths:2 | Reached XP level 23. HP: 129/183 MP: 41/41
 59842 | Depths:2 | Received a gift from Okawaru
 59954 | Depths:2 | Received a gift from Okawaru
 60088 | Depths:2 | Found the +3 pair of gauntlets of War {Slay+5}
 60114 | Depths:2 | Got a bound lapis lazuli ring
 60116 | Depths:2 | Identified the ring "Cefaap" {*Slow rPois rN+ Dex+3} (You
                  | found it on level 2 of the Depths)
 60677 | Depths:2 | Received a gift from Okawaru
 60689 | Depths:2 | Got a polished chain mail
 60691 | Depths:2 | Identified the cursed +1 chain mail "Fyiw" {rElec rF-
                  | Dex+2} (You found it on level 2 of the Depths)
 61094 | Depths:3 | Found Yfriatzi's Antique Weapon Shop.
 61127 | Depths:3 | Found a gateway to a ziggurat.
 61150 | Depths:3 | Received a gift from Okawaru
 61327 | Depths:3 | Found a magical portal.
 61330 | WizLab   | Entered Cigotuvi's Fleshworks
 61917 | WizLab   | Paralysed by a floating eye for 4 turns
 62005 | WizLab   | Paralysed by a floating eye for 2 turns
 62021 | WizLab   | Paralysed by a floating eye for 4 turns
 62027 | WizLab   | Paralysed by a floating eye for 2 turns
 62046 | WizLab   | Paralysed by a floating eye for 4 turns
 62062 | WizLab   | Found the -2 hat of the Alchemist {rElec rPois rF+ rC+ rN+
                  | MR+ rMut rCorr}
 62212 | WizLab   | Identified Cigotuvi's Compendium of Doomed Moulding
 62216 | WizLab   | Identified the Guide on Shape Shifting
 62429 | Depths:3 | Reached skill level 15 in Short Blades
 62429 | Depths:3 | Reached skill level 15 in Long Blades
 62429 | Depths:3 | Reached skill level 15 in Maces & Flails
 62429 | Depths:3 | Reached skill level 15 in Polearms
 62429 | Depths:3 | Reached skill level 15 in Staves
 62429 | Depths:3 | Reached skill level 15 in Slings
 62429 | Depths:3 | Reached skill level 15 in Bows
 62429 | Depths:3 | Reached skill level 15 in Crossbows
 62429 | Depths:3 | Reached skill level 15 in Throwing
 62429 | Depths:3 | Reached skill level 15 in Dodging
 62429 | Depths:3 | Reached skill level 15 in Stealth
 62429 | Depths:3 | Reached skill level 15 in Unarmed Combat
 62429 | Depths:3 | Reached skill level 15 in Spellcasting
 62429 | Depths:3 | Reached skill level 15 in Evocations
 62657 | Depths:3 | Received a gift from Okawaru
 63026 | Depths:3 | Noticed a golden dragon
 63040 | Depths:3 | Killed a golden dragon
 63041 | Depths:3 | Noticed a golden dragon
 63533 | Depths:3 | Killed a golden dragon
 63624 | Depths:3 | Got a bone scimitar
 63629 | Depths:3 | Identified the +6 scimitar of the Disturbing Allies {pain,
                  | MR++} (You found it on level 3 of the Depths)
 63631 | Depths:3 | Got a crude demon blade
 63632 | Depths:3 | Identified the +8 demon blade "Orb Guardian's Foe" {freeze,
                  | rN+ Int+3 Dex+3 Stlth+} (You found it on level 3 of the
                  | Depths)
 63663 | Depths:3 | Got a pitted shortbow
 63866 | Depths:4 | Found Bueqad's Food Boutique.
 63954 | Depths:4 | Noticed Margery
 63972 | Depths:4 | Killed Margery
 64005 | Depths:4 | Noticed Jory
 64018 | Depths:4 | Killed Jory
 64161 | Depths:4 | Reached XP level 24. HP: 191/191 MP: 42/42
 64536 | Depths:4 | Got a thick robe
 64989 | Depths:4 | Noticed a caustic shrike
 64998 | Depths:4 | Killed a caustic shrike
 65129 | Depths:4 | Noticed a caustic shrike
 65139 | Depths:4 | Killed a caustic shrike
 65149 | Depths:4 | Received a gift from Okawaru
 65676 | Depths:5 | Entered Level 5 of the Depths
 65694 | Depths:5 | Noticed a caustic shrike
 65695 | Depths:5 | Noticed a caustic shrike
 65696 | Depths:5 | Noticed a caustic shrike
 65696 | Depths:5 | Noticed a caustic shrike
 65698 | Depths:5 | Noticed a caustic shrike
 65705 | Depths:5 | Killed a caustic shrike
 65721 | Depths:4 | Killed a caustic shrike
 66090 | Depths:5 | Killed a caustic shrike
 66560 | Depths:5 | Killed a caustic shrike
 66799 | Depths:5 | Received a gift from Okawaru
 66931 | Depths:5 | Killed a caustic shrike
 67348 | Depths:5 | Received a gift from Okawaru
 67477 | Depths:5 | Found a gate to the Realm of Zot.
 67639 | Depths:5 | Got an encrusted flail
 67754 | Depths:5 | Found an ancient bone altar of Kikubaaqudgha.
 68312 | Vaults:5 | Entered Level 5 of the Vaults
 68316 | Vaults:5 | Received a gift from Okawaru
 68323 | Vaults:5 | Reached XP level 25. HP: 189/200 MP: 42/42
 68965 | Vaults:5 | Received a gift from Okawaru
 69257 | Vaults:5 | Identified the ring "Onoyb" {Wiz Str+4 Dex+2}
 69401 | Vaults:5 | Got a crude chain mail {god gift}
 69533 | Vaults:5 | Identified the +5 trident of Kindness {freeze, *Corrode
                  | rPois rF- rC++}
 69696 | Vaults:5 | Identified the Guide on the Dusty Oath
 70195 | Vaults:5 | Got a jade-encrusted plate armour
 70196 | Vaults:5 | Identified the +5 plate armour of Catatonia {Dex+3 SInv}
                  | (You found it on level 5 of the Vaults)
 70202 | Vaults:5 | Got an ivory dagger
 70456 | Vaults:5 | Got a silver rune of Zot
 71092 | Slime:1  | Entered Level 1 of the Pits of Slime
 71097 | Slime:1  | Gained mutation: Your spells are a little easier to cast,
                  | but a little less powerful. [a shining eye]
 71532 | Slime:3  | Gained mutation: You are frail. (-10% HP) [a shining eye]
 71540 | Slime:3  | Received a gift from Okawaru
 71543 | Slime:3  | Gained mutation: You tend to lose your temper in combat. [a
                  | shining eye]
 71551 | Slime:3  | Reached XP level 26. HP: 156/187 MP: 31/43
 71658 | Slime:3  | Lost mutation: You tend to lose your temper in combat.
                  | [potion of mutation]
 71658 | Slime:3  | Lost mutation: Your spells are a little easier to cast, but
                  | a little less powerful. [potion of mutation]
 71658 | Slime:3  | Gained mutation: Your movements are slightly less
                  | encumbered by armour. (ER -2) [potion of mutation]
 71658 | Slime:3  | Gained mutation: Armour fits poorly on your strangely
                  | shaped body. [potion of mutation]
 71658 | Slime:3  | Gained mutation: Your spells are a little harder to cast,
                  | but a little more powerful. [potion of mutation]
 71659 | Slime:3  | Lost mutation: You are frail. (-10% HP) [potion of
                  | mutation]
 71659 | Slime:3  | Lost mutation: Armour fits poorly on your strangely shaped
                  | body. [potion of mutation]
 71659 | Slime:3  | Gained mutation: You have large cloven feet. [potion of
                  | mutation]
 71659 | Slime:3  | Gained mutation: You are resistant to hostile enchantments.
                  | (MR+) [potion of mutation]
 71682 | Slime:5  | Entered Level 5 of the Pits of Slime
 71999 | Slime:5  | Noticed the Royal Jelly
 72035 | Slime:5  | Killed the Royal Jelly
 72103 | Slime:5  | HP: 10/209 [acid (3)]
 72572 | Slime:5  | Found the +10 large shield of Ignorance {rN+ Int-4}
 72573 | Slime:5  | Found the +8 longbow "Zephyr" {speed, Dex+3 SInv}
 72577 | Slime:5  | Got a warped glass ring
 72632 | Slime:5  | Identified the Grimoire of Ensnaring Displacement
 72658 | Slime:5  | Got a slimy rune of Zot
 72676 | Slime:5  | Identified the ring "Penkey" {rF+ EV+3 Str+4 Int-3} (You
                  | found it on level 5 of the Pits of Slime)
 72696 | Slime:5  | Got a bloodstained halberd
 72706 | Slime:5  | Got a crystal hand crossbow
 72707 | Slime:5  | Identified the +6 hand crossbow of Macairch {speed, rF-
                  | rC++} (You found it on level 5 of the Pits of Slime)
 72711 | Slime:5  | Got a transparent spear
 72738 | Slime:5  | Got a slimy leather armour
 73734 | Vaults:5 | Identified a +2 pair of boots of running (You found it on
                  | level 5 of the Vaults)
 74084 | Zot:1    | Entered Level 1 of the Realm of Zot
 74322 | Zot:1    | HP: 8/209 [deathcap/drain life[a curse toe] (3)]
 74331 | Zot:1    | HP: 10/209 [deathcap/drain life[a curse toe] (2)]
 74334 | Zot:1    | Received a gift from Okawaru
 74967 | Zot:1    | Received a gift from Okawaru
 75348 | Zot:1    | Received a gift from Okawaru
 75361 | Zot:1    | Got a polished trident {god gift}
 76349 | Zot:2    | Found the +0 sword of Power
 76358 | Zot:2    | Received a gift from Okawaru
 77033 | Zot:2    | Reached XP level 27. HP: 178/217 MP: 43/43
 77165 | Zot:2    | Received a gift from Okawaru
 77343 | Zot:2    | Received a gift from Okawaru
 77795 | Zot:3    | Found a runed door.
 77796 | Zot:3    | Noticed Aniz's ghost (adept FeCK)
 77869 | Zot:3    | Killed Aniz's ghost
 77869 | Zot:3    | Received a gift from Okawaru
 78176 | Zot:3    | Received a gift from Okawaru
 78887 | Zot:4    | Received a gift from Okawaru
 78900 | Zot:4    | Identified the +0 helmet of the Townfolk {Stlth+} (Okawaru
                  | gifted it to you on level 4 of the Realm of Zot)
 79516 | Zot:5    | Entered Level 5 of the Realm of Zot
 79521 | Zot:5    | Reached skill level 15 in Conjurations
 79521 | Zot:5    | Reached skill level 15 in Hexes
 79521 | Zot:5    | Reached skill level 15 in Charms
 79521 | Zot:5    | Reached skill level 15 in Summonings
 79521 | Zot:5    | Reached skill level 15 in Necromancy
 79521 | Zot:5    | Reached skill level 15 in Translocations
 79521 | Zot:5    | Reached skill level 15 in Transmutations
 79521 | Zot:5    | Reached skill level 15 in Fire Magic
 79521 | Zot:5    | Reached skill level 15 in Air Magic
 79521 | Zot:5    | Reached skill level 15 in Earth Magic
 79521 | Zot:5    | Reached skill level 15 in Poison Magic
 79636 | Zot:5    | Noticed an ancient lich
 80176 | Zot:5    | Killed an ancient lich
 80567 | Zot:5    | Noticed an orb of fire
 80627 | Zot:4    | Gained mutation: Your body sometimes deteriorates upon
                  | taking damage. [an orb of fire]
 80648 | Zot:4    | Killed an orb of fire
 80824 | Zot:5    | Noticed an ancient lich
 80829 | Zot:5    | Noticed an ancient lich
 80837 | Zot:5    | Killed an ancient lich
 80844 | Zot:5    | Received a gift from Okawaru
 80858 | Zot:5    | Killed an ancient lich
 80947 | Zot:5    | Noticed an ancient lich
 80960 | Zot:5    | Killed an ancient lich
 81285 | Zot:5    | Got a pair of bloodstained gloves
 81339 | Zot:5    | Received a gift from Okawaru
 81563 | Zot:5    | Noticed an ancient lich
 81574 | Zot:5    | Killed an ancient lich
 81577 | Zot:5    | Identified the cursed -3 pair of gloves "Dusoroid" {rPois
                  | MR+ Regen+ Int+4} (You found it on level 5 of the Realm of
                  | Zot)
 81839 | Zot:5    | Noticed an orb of fire
 81844 | Zot:5    | Noticed an orb of fire
 81860 | Zot:5    | Killed an orb of fire
 81874 | Zot:5    | Gained mutation: Scrolls take you a little longer to read.
                  | [an orb of fire]
 81876 | Zot:5    | Killed an orb of fire
 81897 | Zot:5    | Noticed an orb of fire
 81899 | Zot:5    | Gained mutation: You are dopey. (Int -2) [an orb of fire]
 81910 | Zot:5    | Killed an orb of fire
 82244 | Zot:5    | Noticed an orb of fire
 82262 | Zot:5    | Killed an orb of fire
 82262 | Zot:5    | Received a gift from Okawaru
 82267 | Zot:5    | Got an ancient quarterstaff {god gift}
 83732 | D:7      | Fell from the grace of Okawaru
 83732 | D:7      | Became a worshipper of Makhleb the Destroyer
 83891 | Swamp:1  | Entered Level 1 of the Swamp
 84010 | Swamp:1  | Noticed Jorgrun
 84027 | Swamp:1  | Killed Jorgrun
 84659 | Swamp:2  | Reached * piety under Makhleb
 85569 | Swamp:3  | Reached ** piety under Makhleb
 86326 | Swamp:4  | Entered Level 4 of the Swamp
 86591 | Swamp:4  | Reached *** piety under Makhleb
 86945 | Swamp:4  | Noticed the 27-headed Lernaean hydra
 86956 | Swamp:4  | Killed the 27-headed Lernaean hydra
 86964 | Swamp:4  | Got a decaying rune of Zot
 87103 | Swamp:4  | Lost mutation: Your body sometimes deteriorates upon taking
                  | damage. [potion of mutation]
 87103 | Swamp:4  | Lost mutation: Your spells are a little harder to cast, but
                  | a little more powerful. [potion of mutation]
 87103 | Swamp:4  | Lost mutation: You are dopey. (Int -2) [potion of mutation]
 87103 | Swamp:4  | Lost mutation: You are resistant to hostile enchantments.
                  | (MR+) [potion of mutation]
 87103 | Swamp:4  | Gained mutation: Your muscles are strong. (Str +2) [potion
                  | of mutation]
 87103 | Swamp:4  | Gained mutation: You are robust. (+10% HP) [potion of
                  | mutation]
 87104 | Swamp:4  | Lost mutation: You are robust. (+10% HP) [potion of
                  | mutation]
 87104 | Swamp:4  | Lost mutation: Scrolls take you a little longer to read.
                  | [potion of mutation]
 87104 | Swamp:4  | Lost mutation: You have large cloven feet. [potion of
                  | mutation]
 87104 | Swamp:4  | Gained mutation: You are frail. (-10% HP) [potion of
                  | mutation]
 87104 | Swamp:4  | Gained mutation: You have a pair of small horns on your
                  | head. [potion of mutation]
 87104 | Swamp:4  | Gained mutation: Your flesh is heat resistant. (rF+)
                  | [potion of mutation]
 87105 | Swamp:4  | Lost mutation: Your flesh is heat resistant. (rF+) [potion
                  | of mutation]
 87105 | Swamp:4  | Lost mutation: Your muscles are strong. (Str +2) [potion of
                  | mutation]
 87105 | Swamp:4  | Lost mutation: You are frail. (-10% HP) [potion of
                  | mutation]
 87105 | Swamp:4  | Lost mutation: You have a pair of small horns on your head.
                  | [potion of mutation]
 87105 | Swamp:4  | Gained mutation: Your body sometimes deteriorates upon
                  | taking damage. [potion of mutation]
 87105 | Swamp:4  | Gained mutation: You are partially covered in thin metallic
                  | scales. (AC +2) [potion of mutation]
 87106 | Swamp:4  | Lost mutation: Your body sometimes deteriorates upon taking
                  | damage. [potion of mutation]
 87106 | Swamp:4  | Gained mutation: You are agile. (Dex +2) [potion of
                  | mutation]
 87106 | Swamp:4  | Lost mutation: You are agile. (Dex +2) [potion of mutation]
 87106 | Swamp:4  | Gained mutation: You have a somewhat thin skeletal
                  | structure. (Dex +2, Stealth) [potion of mutation]
 87106 | Swamp:4  | Gained mutation: Your spells are a little harder to cast,
                  | but a little more powerful. [potion of mutation]
 87606 | Crypt:1  | Entered Level 1 of the Crypt
 88306 | Crypt:1  | Reached **** piety under Makhleb
 88496 | Crypt:1  | Noticed Boris
 88513 | Crypt:1  | Killed Boris
 89686 | Crypt:3  | Entered Level 3 of the Crypt
 89738 | Crypt:3  | Reached ***** piety under Makhleb
 89944 | Crypt:3  | Found the cursed necklace of Bloodlust {*Rage +Rage MR++
                  | Int-3 Slay+6 *Curse}
 89969 | Crypt:3  | Got a transparent steel amulet
 89969 | Crypt:3  | Got a steaming lead ring
 89974 | Crypt:3  | Identified the amulet of the Zebra {+Fly rF+ Regen+ Str-4
                  | Slay+3} (You found it on level 3 of the Crypt)
 89975 | Crypt:3  | Identified the ring "Sulorij" {rPois rN+ MP+9} (You found
                  | it on level 3 of the Crypt)
 89981 | Crypt:3  | Got a twitching copper ring
 89984 | Crypt:3  | Got a shimmering brass ring
 89986 | Crypt:3  | Identified the ring "Pabug" {rPois rF+ rN+ Int-5 Stlth+}
                  | (You found it on level 3 of the Crypt)
 89987 | Crypt:3  | Identified the ring of Vonawabaq {*Tele *Slow +Fly Str+5
                  | Int+3} (You found it on level 3 of the Crypt)
 90522 | Crypt:3  | Was forgiven by Okawaru
 90891 | Crypt:3  | Found a staircase to the Tomb.
 91015 | Crypt:3  | Found an ancient bone altar of Kikubaaqudgha.
 91046 | Crypt:3  | Identified Kikubaaqudgha's Reference Book on Sinister Rites
 91089 | Crypt:3  | Learned a level 8 spell: Necromutation
 91514 | Crypt:3  | Got an encrusted falchion
 91563 | Crypt:3  | Identified the +2 falchion of Extinguishment {flame, Str+3}
                  | (You found it on level 3 of the Crypt)
 91970 | Hell     | Entered the Vestibule of Hell
 91970 | Hell     | Noticed Geryon
 92060 | Hell     | Killed Geryon
 92501 | Hell     | Reached ****** piety under Makhleb
 92566 | Hell     | Found a gateway to the ashen valley of Gehenna.
 92692 | Hell     | Found a gateway to the decaying netherworld of Tartarus.
 92837 | Hell     | Found a gateway to the Iron City of Dis.
 92890 | Dis:1    | Entered Level 1 of the Iron City of Dis
 95120 | Dis:1    | Gained mutation: You are clumsy. (Dex -2) [mutagenic glow]
 98520 | Dis:5    | HP: 1/213 [Hell Sentinel/damnation[the effects of Hell]
                  | (33)]
 98946 | Dis:6    | Gained mutation: You possess an exceptional clarity of
                  | mind. [mutagenic glow]
 98997 | Dis:6    | Gained mutation: You are very clumsy. (Dex -4) [mutagenic
                  | glow]
 99797 | Dis:7    | Entered Level 7 of the Iron City of Dis
101825 | Dis:7    | Identified the Handbook of Damaging Stolen Souls
102576 | Dis:7    | Got a crude dire flail
103053 | Dis:7    | Identified the +4 staff of Dispater
103053 | Dis:7    | Noticed Dispater
103097 | Dis:7    | Killed Dispater
103212 | Dis:7    | Got an iron rune of Zot
103439 | Tar:1    | Entered Level 1 of Tartarus
113465 | Tar:6    | HP: 10/207 [Tzitzimitl/bolt of negative energy[the effects
                  | of Hell] (5)]
113470 | Tar:6    | HP: 4/207 [???[a doom hound] (1)]
113477 | Tar:6    | HP: 6/207 [torment (1)]
113482 | Tar:6    | HP: 6/207 [???[a doom hound] (2)]
113500 | Tar:6    | HP: 9/207 [???[a doom hound] (4)]
113505 | Tar:6    | HP: 8/231 [???[a doom hound] (3)]
114838 | Tar:7    | Entered Level 7 of Tartarus
114968 | Tar:7    | Noticed an ancient lich
114979 | Tar:7    | Killed an ancient lich
115298 | Tar:7    | Got a scorched chain mail
115301 | Tar:7    | Identified Sif Muna's Disquisition on Ice and Contamination
115312 | Tar:7    | Identified the cursed +0 chain mail of the Trombone {Dex+4}
                  | (You found it on level 7 of Tartarus)
115736 | Tar:7    | Noticed an ancient lich
115746 | Tar:7    | Killed an ancient lich
115774 | Tar:7    | Noticed Ereshkigal
115853 | Tar:7    | Killed Ereshkigal
115876 | Tar:7    | Got a bone rune of Zot
116059 | Tar:7    | Identified the Compendium of Calling and Beguiling
116105 | Tar:7    | Got a faintly glowing lead ring
116286 | Tar:7    | Learned a level 2 spell: Passwall
116586 | Tar:7    | Got a scorched plate armour
116676 | Tar:7    | Identified the Incunabulum of Evil Enchantment
116749 | Tar:7    | Identified the +6 plate armour "Luowkuw" {*Drain Str+4}
                  | (You found it on level 7 of Tartarus)
116761 | Tar:7    | Identified the ring "Ler Wiy" {MR+ Dex+3} (You found it on
                  | level 7 of Tartarus)
116906 | Geh:1    | Entered Level 1 of Gehenna
118510 | Geh:2    | Gained mutation: Your body sometimes deteriorates upon
                  | taking damage. [mutagenic glow]
118676 | Geh:3    | Lost mutation: You are very clumsy. (Dex -4) [potion of
                  | mutation]
118676 | Geh:3    | Lost mutation: Your body sometimes deteriorates upon taking
                  | damage. [potion of mutation]
118676 | Geh:3    | Lost mutation: Your spells are a little harder to cast, but
                  | a little more powerful. [potion of mutation]
118676 | Geh:3    | Lost mutation: Your movements are slightly less encumbered
                  | by armour. (ER -2) [potion of mutation]
118676 | Geh:3    | Gained mutation: You are mostly covered in thin metallic
                  | scales. (AC +3) [potion of mutation]
123355 | Geh:7    | Entered Level 7 of Gehenna
123558 | Geh:7    | Noticed the Serpent of Hell
123580 | Geh:7    | Killed the Serpent of Hell
123740 | Geh:7    | Got a smoking quarterstaff
123888 | Geh:7    | Identified the +7 sceptre of Asmodeus
123888 | Geh:7    | Noticed Asmodeus
123916 | Geh:7    | Killed Asmodeus
123954 | Geh:7    | Got an obsidian rune of Zot
124199 | Geh:7    | Got a sparkling ivory ring
124302 | Geh:7    | Identified the ring of Ijieb {rElec MR+ EV+2} (You found it
                  | on level 7 of Gehenna)
124375 | Geh:7    | Identified the cursed +0 bardiche "Lorem Ipsum" {freeze,
                  | rF+ Str+8 Stlth+}
124413 | Geh:7    | Identified the Incunabulum of Hexes and Displacement
124884 | Hell     | Found a gateway to the freezing wastes of Cocytus.
124962 | Coc:1    | Entered Level 1 of Cocytus
125491 | Coc:1    | Reached skill level 27 in Fighting
129037 | Coc:5    | Gained mutation: You are weak. (Str -2) [mutagenic glow]
130330 | Coc:7    | Entered Level 7 of Cocytus
131025 | Coc:7    | Got a wavering silver ring
131047 | Coc:7    | Identified the ring of Ifunnas {rPois Dex+3 Stlth-} (You
                  | found it on level 7 of Cocytus)
131569 | Coc:7    | Noticed Antaeus
131629 | Coc:7    | Killed Antaeus
131662 | Coc:7    | Got an icy rune of Zot
131667 | Coc:7    | Got a flickering golden ring
132042 | Coc:7    | Identified the Catalogue of Unstable Combat Magic
132883 | Tomb:1   | Entered Level 1 of the Tomb of the Ancients
133377 | Tomb:1   | Found the macabre finger necklace {rN+}
133402 | Tomb:1   | Identified the ring of Ysal {rF- rC+ rN+ MR+ Int+4} (You
                  | found it on level 7 of Cocytus)
133530 | Tomb:1   | Noticed a greater mummy
133548 | Tomb:1   | Killed a greater mummy
133556 | Tomb:1   | Noticed a greater mummy
133574 | Tomb:1   | Killed a greater mummy
133623 | Tomb:1   | Noticed an ancient lich
133641 | Tomb:1   | Killed an ancient lich
133733 | Tomb:1   | Noticed a greater mummy
133750 | Tomb:1   | Killed a greater mummy
133900 | Tomb:2   | Noticed a greater mummy
133900 | Tomb:2   | Noticed a greater mummy
133900 | Tomb:2   | Noticed a greater mummy
133900 | Tomb:2   | Noticed a greater mummy
133920 | Tomb:2   | Killed a greater mummy
133930 | Tomb:2   | Killed a greater mummy
133934 | Tomb:2   | Killed a greater mummy
133943 | Tomb:2   | Killed a greater mummy
134261 | Tomb:1   | Noticed a greater mummy
134262 | Tomb:1   | Noticed a greater mummy
134277 | Tomb:1   | Killed a greater mummy
134281 | Tomb:1   | Paralysed by the power of Zot for 2 turns
134289 | Tomb:1   | Paralysed by the power of Zot for 5 turns
134301 | Tomb:1   | Killed a greater mummy
134310 | Tomb:1   | Noticed a greater mummy
134334 | Tomb:1   | Noticed a greater mummy
134352 | Tomb:1   | Killed a greater mummy
134373 | Tomb:1   | Killed a greater mummy
134388 | Tomb:1   | Noticed a greater mummy
134397 | Tomb:1   | Noticed a greater mummy
134407 | Tomb:1   | Killed a greater mummy
134423 | Tomb:1   | Killed a greater mummy
134467 | Tomb:1   | Noticed a greater mummy
134467 | Tomb:1   | Noticed a greater mummy
134478 | Tomb:1   | Killed a greater mummy
134478 | Tomb:1   | Noticed a greater mummy
134483 | Tomb:1   | Noticed a greater mummy
134486 | Tomb:1   | Killed a greater mummy
134500 | Tomb:1   | Killed a greater mummy
134504 | Tomb:1   | Killed a greater mummy
134513 | Tomb:1   | Noticed a greater mummy
134522 | Tomb:1   | Noticed a greater mummy
134525 | Tomb:1   | Killed a greater mummy
134529 | Tomb:1   | Noticed a greater mummy
134541 | Tomb:1   | Killed a greater mummy
134557 | Tomb:1   | Killed a greater mummy
134628 | Tomb:1   | Noticed a greater mummy
134628 | Tomb:1   | Noticed a greater mummy
134645 | Tomb:1   | Killed a greater mummy
134653 | Tomb:1   | Killed a greater mummy
134700 | Tomb:1   | Noticed a greater mummy
134713 | Tomb:1   | Killed a greater mummy
134784 | Tomb:2   | Reached skill level 27 in Invocations
134897 | Tomb:3   | Entered Level 3 of the Tomb of the Ancients
134910 | Tomb:3   | Noticed a greater mummy
134911 | Tomb:3   | Noticed a greater mummy
134921 | Tomb:3   | Noticed a greater mummy
134921 | Tomb:3   | Noticed a greater mummy
134928 | Tomb:3   | Killed a greater mummy
134928 | Tomb:3   | Killed a greater mummy
134945 | Tomb:3   | Killed a greater mummy
134951 | Tomb:3   | Killed a greater mummy
134953 | Tomb:3   | Noticed a greater mummy
134955 | Tomb:3   | Noticed a greater mummy
134961 | Tomb:3   | Noticed a greater mummy
134973 | Tomb:3   | Killed a greater mummy
134977 | Tomb:3   | Killed a greater mummy
134990 | Tomb:3   | Killed a greater mummy
135040 | Tomb:3   | Noticed a greater mummy
135056 | Tomb:3   | Killed a greater mummy
135092 | Tomb:3   | Found the +2 ratskin cloak {+Rats rPois rN+ Str-1 Int-1
                  | Dex+1}
135118 | Tomb:3   | Got a crude lapis lazuli ring
135197 | Tomb:3   | Identified the Tome of Excruciating Venom
135199 | Tomb:3   | Identified Empur's Grimoire of Earthen Dislocation
135202 | Tomb:3   | Identified the ring "Ixo Unwa" {rN+ MP+9 Str+2 SInv} (You
                  | found it on level 3 of the Tomb of the Ancients)
135203 | Tomb:3   | Identified the +8 plate armour "Vyforgh" {*Corrode +Blink
                  | rElec Str+6 Slay+2} (You found it on level 3 of the Tomb of
                  | the Ancients)
135208 | Tomb:3   | Identified the +11 great sword of Qazlal's Supremacy {holy,
                  | rPois rF+ Int+3} (You found it on level 3 of the Tomb of
                  | the Ancients)
135279 | Tomb:3   | Noticed a greater mummy
135290 | Tomb:3   | Killed a greater mummy
135833 | Tomb:3   | Got a golden rune of Zot
136597 | Pan      | Entered Pandemonium
136689 | Pan      | Found an exit through the horrors of the Abyss.
136710 | Pan      | Noticed Oteil the pandemonium lord
136726 | Pan      | Cast into level 5 of the Abyss (Oteil)
136726 | Abyss:5  | Entered Level 5 of the Abyss
136818 | Abyss:5  | Noticed an ancient lich
136825 | Abyss:5  | Found a glowing golden altar of the Shining One.
136850 | Abyss:5  | Killed an ancient lich
136855 | Abyss:5  | Noticed a juggernaut
136866 | Abyss:5  | Killed a juggernaut
136869 | Abyss:5  | Got an abyssal rune of Zot
136875 | Pan      | Escaped the Abyss
137257 | Pan      | Cast into level 5 of the Abyss (Oteil)
137257 | Abyss:5  | Entered Level 5 of the Abyss
137287 | Pan      | Escaped the Abyss
137321 | Pan      | Killed Oteil the pandemonium lord
137348 | Pan      | Noticed Vaxick the pandemonium lord
137376 | Pan      | Killed Vaxick the pandemonium lord
137445 | Pan      | Found an exit through the horrors of the Abyss.
138342 | Pan      | Noticed Sopis the pandemonium lord
138342 | Pan      | Noticed Mennas
138371 | Pan      | Killed Sopis the pandemonium lord
138406 | Pan      | Killed Mennas
138443 | Pan      | Got a demonic rune of Zot
138841 | Pan      | Found an exit through the horrors of the Abyss.
139301 | Pan      | Noticed Gintiqap the pandemonium lord
139330 | Pan      | Killed Gintiqap the pandemonium lord
140879 | Pan      | Noticed Eveo the pandemonium lord
140898 | Pan      | Killed Eveo the pandemonium lord
141997 | Pan      | Noticed Ahushraza the pandemonium lord
142033 | Pan      | Killed Ahushraza the pandemonium lord
142378 | Pan      | Noticed Jeot the pandemonium lord
142397 | Pan      | Killed Jeot the pandemonium lord
142495 | Pan      | Identified the +1 scale mail of Prudence {rCorr}
142968 | Pan      | Found a runed door.
142968 | Pan      | Noticed Usufimn the pandemonium lord
142977 | Pan      | Reached skill level 27 in Polearms
143014 | Pan      | Killed Usufimn the pandemonium lord
143813 | Pan      | Entered the realm of Mnoleg.
144299 | Pan      | Noticed Mnoleg
144345 | Pan      | Killed Mnoleg
144375 | Pan      | Got a glowing rune of Zot
144920 | Pan      | Entered the realm of Cerebov.
145196 | Pan      | Identified the +6 sword of Cerebov {flame}
145196 | Pan      | Noticed Cerebov
145206 | Pan      | Identified the amulet "Weunnawn" {Gourm rF- rC+ Int+3}
145214 | Pan      | Identified the +9 trident of Vepp {drain, *Slow Dex+7
                  | Stlth+}
145229 | Pan      | Killed Cerebov
145229 | Pan      | Reached skill level 27 in Armour
145229 | Pan      | Reached skill level 27 in Shields
145292 | Pan      | Got a transparent arbalest
145295 | Pan      | Got a steaming quarterstaff
145376 | Pan      | Got a fiery rune of Zot
146197 | Pan      | Entered the realm of Gloorx Vloq.
146341 | Pan      | Found an exit through the horrors of the Abyss.
146741 | Pan      | Noticed Gloorx Vloq
146774 | Pan      | Killed Gloorx Vloq
146775 | Pan      | Reached skill level 27 in Axes
146909 | Pan      | Got a dark rune of Zot
147302 | Pan      | Entered the realm of Lom Lobon.
147609 | Pan      | Got a bronze scale mail
147710 | Pan      | Found an exit through the horrors of the Abyss.
147809 | Pan      | Got a faintly humming robe
147887 | Pan      | Noticed Lom Lobon
148473 | Pan      | Killed Lom Lobon
148489 | Pan      | Got a magical rune of Zot
149034 | Pan      | Noticed Patrun the pandemonium lord
149067 | Pan      | Killed Patrun the pandemonium lord
149088 | Pan      | Got an ancient sapphire amulet
149091 | Pan      | Identified the amulet "Zydoppeq" {Fragile +Inv Regen+
                  | Int+4} (You found it in Pandemonium)
149232 | Pan      | Reached skill level 27 in Short Blades
149232 | Pan      | Reached skill level 27 in Long Blades
149232 | Pan      | Reached skill level 27 in Maces & Flails
149232 | Pan      | Reached skill level 27 in Staves
149232 | Pan      | Reached skill level 27 in Slings
149232 | Pan      | Reached skill level 27 in Bows
149232 | Pan      | Reached skill level 27 in Crossbows
149232 | Pan      | Reached skill level 27 in Throwing
149232 | Pan      | Reached skill level 27 in Dodging
149232 | Pan      | Reached skill level 27 in Stealth
149232 | Pan      | Reached skill level 27 in Unarmed Combat
149232 | Pan      | Reached skill level 27 in Spellcasting
149232 | Pan      | Reached skill level 27 in Evocations
149342 | Pan      | Gained mutation: Your spells are a little easier to cast,
                  | but a little less powerful. [a cacodemon]
149427 | Pan      | Learned a level 8 spell: Ignition
149433 | Pan      | Found an exit through the horrors of the Abyss.
150158 | Depths:3 | Escaped Pandemonium
150296 | Zig:1    | Entered Level 1 of a ziggurat
150322 | Zig:2    | Entered Level 2 of a ziggurat
150339 | Zig:2    | Got a faintly glowing quarterstaff
150349 | Zig:3    | Entered Level 3 of a ziggurat
150374 | Zig:3    | Got a scorched scale mail
150385 | Zig:4    | Entered Level 4 of a ziggurat
150389 | Zig:4    | Found the +3 sling "Punk" {acid, rCorr}
150416 | Zig:5    | Entered Level 5 of a ziggurat
150422 | Zig:5    | Noticed Rijokh the pandemonium lord
150434 | Zig:5    | Killed Rijokh the pandemonium lord
150456 | Zig:5    | Got a spiked scale mail
150581 | Zig:6    | Entered Level 6 of a ziggurat
150692 | Zig:7    | Entered Level 7 of a ziggurat
150697 | Zig:7    | Noticed a juggernaut
150698 | Zig:7    | Noticed a juggernaut
150710 | Zig:7    | Killed a juggernaut
150719 | Zig:7    | Killed a juggernaut
150776 | Zig:7    | Got a scorched ring mail
150813 | Zig:8    | Entered Level 8 of a ziggurat
150838 | Zig:8    | Got a scorched lajatang
150852 | Zig:8    | Got a pitted diamond amulet
150867 | Zig:8    | Identified the amulet of Musaro {Gourm -Tele rF+ Dex+3
                  | SInv} (You found it on level 8 of a ziggurat)
150920 | Zig:8    | Lost mutation: You possess an exceptional clarity of mind.
                  | [potion of mutation]
150920 | Zig:8    | Lost mutation: You are weak. (Str -2) [potion of mutation]
150920 | Zig:8    | Lost mutation: You are clumsy. (Dex -2) [potion of
                  | mutation]
150920 | Zig:8    | Lost mutation: Your spells are a little easier to cast, but
                  | a little less powerful. [potion of mutation]
150920 | Zig:8    | Gained mutation: Your body sometimes deteriorates upon
                  | taking damage. [potion of mutation]
150920 | Zig:8    | Gained mutation: Your spells are a little harder to cast,
                  | but a little more powerful. [potion of mutation]
150921 | Zig:8    | Lost mutation: Your spells are a little harder to cast, but
                  | a little more powerful. [potion of mutation]
150921 | Zig:8    | Lost mutation: Your body sometimes deteriorates upon taking
                  | damage. [potion of mutation]
150921 | Zig:8    | Lost mutation: You are mostly covered in thin metallic
                  | scales. (AC +3) [potion of mutation]
150921 | Zig:8    | Gained mutation: You are partially covered in iridescent
                  | scales. (AC +2) [potion of mutation]
150921 | Zig:8    | Lost mutation: You are partially covered in iridescent
                  | scales. (AC +2) [potion of mutation]
150921 | Zig:8    | Gained mutation: You are partially covered in slimy green
                  | scales. (AC +2) [potion of mutation]
150922 | Zig:8    | Lost mutation: You are partially covered in slimy green
                  | scales. (AC +2) [potion of mutation]
150922 | Zig:8    | Lost mutation: You are partially covered in thin metallic
                  | scales. (AC +2) [potion of mutation]
150922 | Zig:8    | Gained mutation: You do not regenerate when monsters are
                  | visible. [potion of mutation]
150922 | Zig:8    | Gained mutation: You are resistant to hostile enchantments.
                  | (MR+) [potion of mutation]
150922 | Zig:8    | Gained mutation: You have a pair of small antennae on your
                  | head. [potion of mutation]
150923 | Zig:8    | Lost mutation: You do not regenerate when monsters are
                  | visible. [potion of mutation]
150923 | Zig:8    | Lost mutation: You have a pair of small antennae on your
                  | head. [potion of mutation]
150923 | Zig:8    | Gained mutation: You expend magic power (3 MP) to
                  | strengthen your wands. [potion of mutation]
150923 | Zig:8    | Gained mutation: You occasionally shout uncontrollably at
                  | your foes. [potion of mutation]
150923 | Zig:8    | Gained mutation: Your muscles are strong. (Str +2) [potion
                  | of mutation]
150924 | Zig:8    | Lost mutation: You expend magic power (3 MP) to strengthen
                  | your wands. [potion of mutation]
150924 | Zig:8    | Lost mutation: Your muscles are strong. (Str +2) [potion of
                  | mutation]
150924 | Zig:8    | Gained mutation: Your magical capacity is low. (-10% MP)
                  | [potion of mutation]
150924 | Zig:8    | Gained mutation: You are robust. (+10% HP) [potion of
                  | mutation]
150924 | Zig:8    | Gained mutation: You are highly resistant to hostile
                  | enchantments. (MR++) [potion of mutation]
150925 | Zig:8    | Lost mutation: You occasionally shout uncontrollably at
                  | your foes. [potion of mutation]
150925 | Zig:8    | Lost mutation: You are robust. (+10% HP) [potion of
                  | mutation]
150925 | Zig:8    | Gained mutation: Your magical capacity is very low. (-20%
                  | MP) [potion of mutation]
150925 | Zig:8    | Gained mutation: You are partially covered in rugged brown
                  | scales. (AC +1, +3% HP) [potion of mutation]
150926 | Zig:8    | Lost mutation: You are highly resistant to hostile
                  | enchantments. (MR++) [potion of mutation]
150926 | Zig:8    | Lost mutation: You are partially covered in rugged brown
                  | scales. (AC +1, +3% HP) [potion of mutation]
150926 | Zig:8    | Lost mutation: Your magical capacity is very low. (-20% MP)
                  | [potion of mutation]
150926 | Zig:8    | Lost mutation: Your magical capacity is low. (-10% MP)
                  | [potion of mutation]
150926 | Zig:8    | Gained mutation: You expend magic power (3 MP) to
                  | strengthen your wands. [potion of mutation]
150926 | Zig:8    | Gained mutation: You are partially covered in yellow
                  | scales. (AC +2) [potion of mutation]
150926 | Zig:8    | Gained mutation: Your muscles are strong. (Str +2) [potion
                  | of mutation]
150939 | Zig:9    | Entered Level 9 of a ziggurat
150994 | Zig:9    | Got a translucent chain mail
150995 | Zig:9    | Identified the +10 chain mail of Precision Catastrophes
                  | {Slay+2} (You found it on level 9 of a ziggurat)
151058 | Zig:10   | Entered Level 10 of a ziggurat
151065 | Zig:10   | Noticed a greater mummy
151068 | Zig:10   | Noticed a greater mummy
151075 | Zig:10   | Killed a greater mummy
151079 | Zig:10   | Killed a greater mummy
151198 | Zig:10   | Got a bound iron amulet
151209 | Zig:10   | Got a translucent iron ring
151212 | Zig:10   | Identified the ring of Umenn {MP+9 Str+4 Dex+3} (You found
                  | it on level 10 of a ziggurat)
151213 | Zig:10   | Identified the amulet "Ejiemakk" {RegenMP Int+6} (You found
                  | it on level 10 of a ziggurat)
151226 | Zig:11   | Entered Level 11 of a ziggurat
151385 | Zig:12   | Entered Level 12 of a ziggurat
151396 | Zig:12   | Found the cursed +14 obsidian axe {chop, +Fly SInv *Curse}
151521 | Zig:12   | Identified the Incunabulum of Ashen Attacks
151535 | Zig:12   | Identified the Collected Works on Shifting Creation
151561 | Zig:12   | Got a translucent war axe
151578 | Zig:13   | Entered Level 13 of a ziggurat
151641 | Zig:13   | Got a transparent lead amulet
151679 | Zig:13   | Identified the amulet of the Immovable Yaks {+Rage rC+ rN+}
                  | (You found it on level 13 of a ziggurat)
151698 | Zig:14   | Entered Level 14 of a ziggurat
151873 | Zig:14   | Got a heavily runed buckler
151875 | Zig:14   | Got a transparent steel ring
151902 | Zig:14   | Identified the ring of Neivvor {*Contam +Fly rPois MR+
                  | Stlth+} (You found it on level 14 of a ziggurat)
151908 | Zig:14   | Got a shimmering arbalest
151942 | Zig:14   | Learned a level 8 spell: Infestation
151945 | Zig:15   | Entered Level 15 of a ziggurat
152141 | Zig:15   | Got a brightly glowing leather armour
152143 | Zig:15   | Got steaming gold dragon scales
152145 | Zig:15   | Got a faintly glowing shield
152163 | Zig:15   | Identified the cursed +1 gold dragon scales of Darkness
                  | {*Corrode rPois rF+ rC+ Dex+6} (You found it on level 15 of
                  | a ziggurat)
152165 | Zig:15   | Identified the cursed +0 shield of Beyond {Dex+5} (You
                  | found it on level 15 of a ziggurat)
152179 | Zig:15   | Got an ichor-stained shield
152183 | Zig:15   | Got a polished plate armour
152196 | Zig:15   | Identified the cursed +0 shield of Duty {MR+} (You found it
                  | on level 15 of a ziggurat)
152197 | Zig:15   | Identified the +7 plate armour of Qoachicesm {rC++ rN+
                  | rCorr Dex-5} (You found it on level 15 of a ziggurat)
152206 | Zig:16   | Entered Level 16 of a ziggurat
152216 | Zig:16   | Noticed a greater mummy
152216 | Zig:16   | Noticed a greater mummy
152217 | Zig:16   | Noticed a greater mummy
152217 | Zig:16   | Noticed a greater mummy
152217 | Zig:16   | Noticed a greater mummy
152217 | Zig:16   | Noticed a greater mummy
152219 | Zig:16   | Noticed a greater mummy
152221 | Zig:16   | Killed a greater mummy
152222 | Zig:16   | Killed a greater mummy
152223 | Zig:16   | Killed a greater mummy
152224 | Zig:16   | Killed a greater mummy
152226 | Zig:16   | Killed a greater mummy
152226 | Zig:16   | Reached skill level 27 in Ice Magic
152232 | Zig:16   | Killed a greater mummy
152235 | Zig:16   | Killed a greater mummy
152237 | Zig:16   | Found the +5 scythe "Finisher" {speed, Str+3}
152364 | Zig:16   | Got a spiked plate armour
152400 | Zig:17   | Entered Level 17 of a ziggurat
152694 | Zig:17   | Got an ancient dagger
152700 | Zig:17   | Got a steaming spear
152729 | Zig:18   | Entered Level 18 of a ziggurat
152752 | Zig:18   | Found the cursed +13 scythe of Curses {drain, *Curse}
152909 | Zig:18   | Got a distressingly furry leather armour
152913 | Zig:18   | Got a scorched sapphire amulet
152933 | Zig:18   | Identified the amulet of the Good {Gourm +Fly rElec rPois
                  | Dex-5} (You found it on level 18 of a ziggurat)
152940 | Zig:18   | Got warped steam dragon scales
152988 | Zig:19   | Entered Level 19 of a ziggurat
152995 | Zig:19   | Noticed a greater mummy
152996 | Zig:19   | Noticed a greater mummy
152996 | Zig:19   | Noticed a greater mummy
153002 | Zig:19   | Killed a greater mummy
153003 | Zig:19   | Killed a greater mummy
153003 | Zig:19   | Killed a greater mummy
153009 | Zig:19   | Noticed a greater mummy
153014 | Zig:19   | Noticed a greater mummy
153031 | Zig:19   | Killed a greater mummy
153038 | Zig:19   | Killed a greater mummy
153178 | Zig:19   | Got a pitted chain mail
153190 | Zig:19   | Identified the Compendium of Captivating Clay
153225 | Zig:20   | Entered Level 20 of a ziggurat
153377 | Zig:20   | Identified the Compendium of Unholy Arts and the Frostbite
153380 | Zig:20   | Got an iridescent quarterstaff
153384 | Zig:20   | Got a translucent ivory ring
153421 | Zig:20   | Identified the ring "Meil" {Str+9 Slay-3 SInv} (You found
                  | it on level 20 of a ziggurat)
153436 | Zig:21   | Entered Level 21 of a ziggurat
153529 | Zig:21   | Got a fine short sword
153532 | Zig:21   | Got a crystal quarterstaff
153535 | Zig:21   | Got a slimy longbow
153538 | Zig:21   | Got a twisted great mace
153613 | Zig:21   | Identified the Grimoire of Lucky Moulding
153707 | Zig:22   | Entered Level 22 of a ziggurat
153731 | Zig:22   | Reached skill level 27 in Transmutations
153735 | Zig:22   | Found the ring of Shadows {Umbra +Inv Stlth+}
153762 | Zig:22   | Got an encrusted arbalest
153772 | Zig:22   | Got a dazzling broad axe
153776 | Zig:22   | Got an encrusted scale mail
153791 | Zig:22   | Got a glittering garnet amulet
153824 | Zig:22   | Identified the amulet of Fixation {rElec rF+ Regen+ Str+4
                  | Int-4 Stlth+} (You found it on level 22 of a ziggurat)
153825 | Zig:22   | Identified the +9 broad axe of Noon {flame, Fragile rC-
                  | Str+8 Int+3} (You found it on level 22 of a ziggurat)
153935 | Zig:22   | Got a transparent rapier
153975 | Zig:23   | Entered Level 23 of a ziggurat
154131 | Zig:23   | Got a bloodstained shortbow
154133 | Zig:23   | Identified the Guide on the Arsonist and the Birds
154137 | Zig:23   | Got a translucent wooden ring
154139 | Zig:23   | Got a fine amber ring
154164 | Zig:23   | Identified Sif Muna's Collected Works on Snow and
                  | Companions
154187 | Zig:23   | Identified the ring of Ygeblus {+Inv rPois Str+3 Int+6}
                  | (You found it on level 23 of a ziggurat)
154188 | Zig:23   | Identified the ring of Xarphab {rC+ Int+4} (You found it on
                  | level 23 of a ziggurat)
154241 | Zig:23   | Got a crystal hand axe
154278 | Zig:24   | Entered Level 24 of a ziggurat
154287 | Zig:24   | Noticed Jiath the pandemonium lord
154287 | Zig:24   | Noticed Jaopog the pandemonium lord
154288 | Zig:24   | Noticed Guntut the pandemonium lord
154289 | Zig:24   | Noticed Dayczoic the pandemonium lord
154290 | Zig:24   | Noticed Cofeifry the pandemonium lord
154291 | Zig:24   | Noticed Feihun the pandemonium lord
154292 | Zig:24   | Noticed Dyarie Labre the pandemonium lord
154293 | Zig:24   | Noticed Vimukhixuty the pandemonium lord
154293 | Zig:24   | Noticed Ekuhox the pandemonium lord
154294 | Zig:24   | Noticed Couz the pandemonium lord
154294 | Zig:24   | Noticed Zesuklob the pandemonium lord
154295 | Zig:24   | Noticed Araad the pandemonium lord
154295 | Zig:24   | Noticed Jeuxefas the pandemonium lord
154296 | Zig:24   | Noticed Tone the pandemonium lord
154300 | Zig:24   | Killed Jiath the pandemonium lord
154301 | Zig:24   | Noticed Xuxzif the pandemonium lord
154303 | Zig:24   | Killed Feihun the pandemonium lord
154305 | Zig:24   | Noticed Voptaof the pandemonium lord
154307 | Zig:24   | Killed Guntut the pandemonium lord
154310 | Zig:24   | Noticed Hidysuudgh the pandemonium lord
154313 | Zig:24   | Noticed Tuyvvut the pandemonium lord
154314 | Zig:24   | Killed Cofeifry the pandemonium lord
154315 | Zig:24   | Noticed Vien the pandemonium lord
154315 | Zig:24   | Killed Vimukhixuty the pandemonium lord
154318 | Zig:24   | Killed Jaopog the pandemonium lord
154319 | Zig:24   | Killed Dyarie Labre the pandemonium lord
154320 | Zig:24   | Killed Dayczoic the pandemonium lord
154320 | Zig:24   | Reached skill level 27 in Conjurations
154320 | Zig:24   | Reached skill level 27 in Hexes
154320 | Zig:24   | Reached skill level 27 in Charms
154320 | Zig:24   | Reached skill level 27 in Summonings
154320 | Zig:24   | Reached skill level 27 in Necromancy
154320 | Zig:24   | Reached skill level 27 in Translocations
154320 | Zig:24   | Reached skill level 27 in Fire Magic
154320 | Zig:24   | Reached skill level 27 in Air Magic
154320 | Zig:24   | Reached skill level 27 in Earth Magic
154320 | Zig:24   | Reached skill level 27 in Poison Magic
154323 | Zig:24   | Killed Araad the pandemonium lord
154329 | Zig:24   | Killed Jeuxefas the pandemonium lord
154332 | Zig:24   | Killed Hidysuudgh the pandemonium lord
154334 | Zig:24   | Killed Tone the pandemonium lord
154337 | Zig:24   | Killed Tuyvvut the pandemonium lord
154338 | Zig:24   | Killed Voptaof the pandemonium lord
154340 | Zig:24   | Killed Vien the pandemonium lord
154345 | Zig:24   | Killed Ekuhox the pandemonium lord
154345 | Zig:24   | Killed Couz the pandemonium lord
154351 | Zig:24   | Killed Zesuklob the pandemonium lord
154355 | Zig:24   | Killed Xuxzif the pandemonium lord
154482 | Zig:24   | Found the +7 captain's cutlass {speed, disarm}
154484 | Zig:24   | Found the ring of the Mage {Wiz MR++ Int+3}
154486 | Zig:24   | Found the +8 autumn katana {slice, Clar}
154525 | Zig:25   | Entered Level 25 of a ziggurat
154817 | Zig:25   | Got an encrusted broad axe
154819 | Zig:25   | Got a faintly glowing morningstar
154837 | Zig:25   | Got a slimy granite ring
154840 | Zig:25   | Got a crude copper ring
154844 | Zig:25   | Identified the +4 broad axe of Rigenasi {flame, +Blink}
                  | (You found it on level 25 of a ziggurat)
154845 | Zig:25   | Identified the ring of Kiosesmuo {*Contam rPois rC+ rN+}
                  | (You found it on level 25 of a ziggurat)
154846 | Zig:25   | Identified the ring "Quwoemao" {rPois rC+ MP+9} (You found
                  | it on level 25 of a ziggurat)
154854 | Zig:25   | Got a translucent turquoise ring
154857 | Zig:25   | Got a faintly glowing broad axe
154862 | Zig:25   | Identified the +11 broad axe of Lunufinn {drain, rC+ Dex+5}
                  | (You found it on level 25 of a ziggurat)
154863 | Zig:25   | Identified the cursed ring of Gluttony {rElec Dex-3} (You
                  | found it on level 25 of a ziggurat)
154881 | Zig:26   | Entered Level 26 of a ziggurat
154892 | Zig:26   | Noticed Otakur the pandemonium lord
154894 | Zig:26   | Noticed Enouwoize the pandemonium lord
154894 | Zig:26   | Noticed Juimacre the pandemonium lord
154895 | Zig:26   | Noticed Anuegiud the pandemonium lord
154895 | Zig:26   | Noticed Paeph the pandemonium lord
154895 | Zig:26   | Noticed Tynapag the pandemonium lord
154895 | Zig:26   | Noticed Zunni the pandemonium lord
154895 | Zig:26   | Noticed Muiblaer the pandemonium lord
154895 | Zig:26   | Noticed Neoto the pandemonium lord
154896 | Zig:26   | Noticed Vioqimy the pandemonium lord
154896 | Zig:26   | Noticed Visanoff the pandemonium lord
154896 | Zig:26   | Noticed Ipeetug the pandemonium lord
154897 | Zig:26   | Noticed Abeucw the pandemonium lord
154897 | Zig:26   | Noticed Zytag the pandemonium lord
154898 | Zig:26   | Noticed Roacaeh the pandemonium lord
154898 | Zig:26   | Noticed Ujiec the pandemonium lord
154902 | Zig:26   | Noticed Tado the pandemonium lord
154902 | Zig:26   | Killed Anuegiud the pandemonium lord
154903 | Zig:26   | Killed Paeph the pandemonium lord
154903 | Zig:26   | Killed Tynapag the pandemonium lord
154903 | Zig:26   | Killed Vioqimy the pandemonium lord
154903 | Zig:26   | Killed Roacaeh the pandemonium lord
154903 | Zig:26   | Killed Ujiec the pandemonium lord
154904 | Zig:26   | Killed Zunni the pandemonium lord
154904 | Zig:26   | Killed Otakur the pandemonium lord
154904 | Zig:26   | Killed Muiblaer the pandemonium lord
154904 | Zig:26   | Killed Zytag the pandemonium lord
154905 | Zig:26   | Noticed Reakkay the pandemonium lord
154911 | Zig:26   | Killed Neoto the pandemonium lord
154915 | Zig:26   | Killed Visanoff the pandemonium lord
154942 | Zig:26   | Killed Tado the pandemonium lord
154955 | Zig:26   | Killed Abeucw the pandemonium lord
154955 | Zig:26   | Killed Ipeetug the pandemonium lord
154956 | Zig:26   | Killed Juimacre the pandemonium lord
154970 | Zig:26   | Killed from afar by Enouwoize the pandemonium lord

Vault maps used:
D:1:      wheals_arrival_shading, chequers_serial_rivers_small_b
D:2:      grunt_temple_overflow_diamond, ashenzari_altar_1
D:3:      nicolae_overflow_crystal_walls, first_ration
D:4:      serial_shops, nicolae_shop_behind_doors, shop, uniq_pikel,
          uniq_natasha
D:5:      lemuel_doored_altar, minmay_temple_entry_from_below_b,
          chequers_ossuary_entry_cave
D:7:      nicolae_overflow_hidden_temple, minitemple, uniq_joseph, uniq_menkaure
D:8:      enter_bailey_2, uniq_erica
D:9:      david_lair_shrubbed
D:10:     hangedman_stone_soup, uniq_psyche
D:11:     minmay_slanted_spiral_squares, portal_ice_cave_demonic_guard
D:12:     orc_0_dummy
D:13:     david_vaults_3
D:14:     lab_entry_generic, chequers_serial_rivers_micro_c
D:15:     grunt_enter_depths_magical_seal, enter_trove_3, hangedman_aviary,
          uniq_rupert
Lair:2:   minmay_snake_entry_six_corridors
Lair:3:   minmay_swamp_entry_worms, minmay_lair_oklob_chamber,
          grunt_megastairs_2
Lair:4:   uniq_nessos
Lair:5:   serial_bayou_lagoon_b
Lair:6:   evilmike_catoblepas_cave, dpeg_slime_entry_enclosed_altar,
          basic_altar, ebering_ghost_disaster_area, guppyfry_lair_drakes
Swamp:1:  infiniplex_staircase_pool_2, uniq_jorgrun
Swamp:2:  serial_swamp_ruin, evilmike_swamp_ruin_house_5,
          evilmike_swamp_ruin_house_3, swamp_pool1
Swamp:3:  evilmike_swamp_ruin_house_4, swamp_pool4
Swamp:4:  grunt_swamp_rune_castle, hangedman_swamp_pad
Snake:2:  nrook_guardian_serpent_ordinary, grunt_megastairs_1,
          serial_bayou_shore_b
Snake:3:  serial_shops, bzr_entry_customers, guppyfry_snake_island,
          uniq_saint_roka
Snake:4:  grunt_snake_rune_pools
Orc:1:    lemuel_ogre_cave
Orc:2:    grunt_orc_gardens, grunt_orc_garden, grunt_orc_garden,
          grunt_orc_garden, grunt_orc_garden, basic_altar
Elf:1:    eino_elf_arrival_shootout, minivault_28, uniq_azrael
Elf:2:    onia_ninara_cookie, lemuel_elevator
Elf:3:    elf_hall_gauntlet_narrow, serial_shops, nicolae_shop_stone,
          st_stairs_8
Vaults:1: ebering_vaults_ghost_gozag, v_misc_22, v_misc_12,
          ontoclasm_vaults_decontamination, v_pattern_2,
          nicolae_vaults_little_squares_2, v_alt_pattern_1, v_rooms_4,
          vaults_mumra_minichess, grunt_vaults_funnel
Vaults:2: ontoclasm_vaults_gateway, hangedman_vaults_cutoff,
          minmay_crypt_entry_necro_gods, nicolae_vaults_halls_meeting,
          hangedman_vaults_nails, ontoclasm_vaults_fault, vaults_room_octagon,
          serial_shops, shop, nicolae_shop_overgrown_old_shop, shop_fountains,
          shop, shop
Vaults:3: nicolae_vaults_triangles, v_alt_pattern_5, v_pattern_1,
          nicolae_vaults_little_squares_6, hangedman_vaults_nails,
          hangedman_vaults_stream, ontoclasm_vaults_pinch, vaults_mumra_hex,
          serial_shops, shop
Vaults:4: nicolae_vaults_arrows, nicolae_vaults_statue_guard,
          vaults_standard_mumra_lines, hangedman_vaults_maws,
          nicolae_vaults_network_star, nicolae_vaults_network_periphery,
          v_rooms_1, v_misc_13, grunt_vaults_hallway_short, v_misc_22
Vaults:5: serial_shops
Crypt:1:  st_stairs_7, library_closet, serial_sigils_hangedman_confine,
          grunt_crypt_arrival_split, grunt_megastairs_3, uniq_boris
Crypt:3:  quadcrypt_mu
Depths:1: pf_hell_entry_tar_spiral, abyss_entry_small_statue_room,
          minmay_misc_feat_secret_circle, rand_demon_pan_entry_4,
          minmay_splitting_lines, hangedman_blasphemy
Depths:2: minmay_complete_graph, minivault_14, lightli_too_deep, abyss_entry,
          hangedman_decor_opposing
Depths:3: cross_vault, enter_ziggurat_f, hell_entry, hex_medium, serial_shops,
          shop, abyss_entry, pan_entry, mu_enter_wizlab_7
Depths:4: four-leaf_vault, abyss_entry, hell_entry, infiniplex_staircase_spiral,
          grunt_ministairs_6, minivault_1, minmay_shop_star, uniq_jory,
          uniq_margery
Depths:5: grunt_zot_entry_gee_three, hell_entry, basic_altar
Dis:5:    nicolae_dis_strange_trophy_room, nicolae_dis_iron_filings
Dis:6:    nicolae_dis_lava_storage_tank
Dis:7:    iron_city_of_dis
Geh:7:    evilmike_geh
Coc:3:    lemuel_elevator
Coc:7:    coc_mu
Tar:2:    nicolae_tar_cuneiform_bird
Tar:4:    nicolae_tar_cuneiform_city
Tar:7:    tar_old
Zot:3:    ebering_ghost_inner_flame
Zot:4:    basic_stair_grate_trap
Abyss:5:  evilmike_abyss_exit_smiterflies, hangedman_abyss_or_decor_lesser_grid,
          minivault_11, evilmike_abyss_exit_12, evilmike_abyss_rune_tso_outpost,
          minivault_20, evilmike_abyss_exit_7
Pan:      rand_demon_8, rand_demon_3, rand_demon_6, uniq_mennas_pan,
          nicolae_pan_mnolegish_1, grunt_pan_in_and_out, evilmike_mini_pan_V,
          pan_blood_fountain, special_room, nicolae_pan_glass_arcs,
          evilmike_mini_pan_other_thingy, pan_blood_fountain_2,
          regret_index_pan_draining_boxed, mnoleg_grunt, cerebov_grunt,
          pan_blood_fountain_2, nicolae_pan_sigil_nadil, gloorx_vloq,
          lom_lobon_grunt, nicolae_pan_mnolegish_1, pan_captured_pigsty,
          nicolae_pan_sigil_nadil, evilmike_mini_pan_rooms,
          pan_blood_fountain_small
Zig:5:    ziggurat_pillar_centre_c
Zig:7:    ziggurat_pillar_centre_dead_trees
Zig:10:   ziggurat_pillar_centre_oklobs
Zig:22:   ziggurat_pillar_centre_drop
Zig:25:   ziggurat_pillar_centre_smoke
Zig:26:   ziggurat_pillar_centre_more_plants
Bazaar:   bazaar_minmay_snake
Trove:    trove_weapon_1
Ossuary:  ossuary_minmay_scorpions
Bailey:   bailey_polearm_gnolls_kennysheep, bailey
IceCv:    ice_cave_small_necro
WizLab:   wizlab_cigotuvi

Skill      XL: |  1  2  3  4  5  6  7  8  9 10 11 12 13 14 15 16 17 18 19 20 21 22 23 24 25 26 27 |
---------------+----------------------------------------------------------------------------------+-----
Invocations    | 1 2 3 4 5 6 7 8 9 10 11 12 13 14 15 16 17 18 27 | 27.0
Short Blades   | 1 2 3 4 5 6 7 8 9 10 11 12 13 14 15 16 27 | 27.0
Long Blades    | 1 2 3 4 5 6 7 8 9 10 11 12 13 14 15 16 27 | 27.0
Maces & Flails | 1 2 3 4 5 6 7 8 9 10 11 12 13 14 15 16 27 | 27.0
Polearms       | 1 2 3 4 5 6 7 8 9 10 11 12 13 14 15 16 27 | 27.0
Staves         | 1 2 3 4 5 6 7 8 9 10 11 12 13 14 15 16 27 | 27.0
Slings         | 1 2 3 4 5 6 7 8 9 10 11 12 13 14 15 16 27 | 27.0
Bows           | 1 2 3 4 5 6 7 8 9 10 11 12 13 14 15 16 27 | 27.0
Crossbows      | 1 2 3 4 5 6 7 8 9 10 11 12 13 14 15 16 27 | 27.0
Throwing       | 1 2 3 4 5 6 7 8 9 10 11 12 13 14 15 16 27 | 27.0
Dodging        | 1 2 3 4 5 6 7 8 9 10 11 12 13 14 15 16 27 | 27.0
Stealth        | 1 2 3 4 5 6 7 8 9 10 11 12 13 14 15 16 27 | 27.0
Unarmed Combat | 1 2 3 4 5 6 7 8 9 10 11 12 13 14 15 16 27 | 27.0
Spellcasting   | 1 2 3 4 5 6 7 8 9 10 11 12 13 14 15 16 27 | 27.0
Evocations     | 1 2 3 4 5 6 7 8 9 10 11 12 13 14 15 16 27 | 27.0
Conjurations   | 1 2 3 4 5 6 7 8 9 10 11 12 13 14 27 | 27.0
Hexes          | 1 2 3 4 5 6 7 8 9 10 11 12 13 14 27 | 27.0
Charms         | 1 2 3 4 5 6 7 8 9 10 11 12 13 14 27 | 27.0
Summonings     | 1 2 3 4 5 6 7 8 9 10 11 12 13 14 27 | 27.0
Necromancy     | 1 2 3 4 5 6 7 8 9 10 11 12 13 14 27 | 27.0
Translocations | 1 2 3 4 5 6 7 8 9 10 11 12 13 14 27 | 27.0
Transmutations | 1 2 3 4 5 6 7 8 9 10 11 12 13 14 27 | 27.0
Fire Magic     | 1 2 3 4 5 6 7 8 9 10 11 12 13 14 27 | 27.0
Ice Magic      | 1 2 3 4 5 7 8 9 10 11 12 13 14 15 16 17 18 27 | 27.0
Air Magic      | 1 2 3 4 5 6 7 8 9 10 11 12 13 14 27 | 27.0
Earth Magic    | 1 2 3 4 5 6 7 8 9 10 11 12 13 14 27 | 27.0
Poison Magic   | 1 2 3 4 5 6 7 8 9 10 11 12 13 14 27 | 27.0
Fighting       | 7 8 9 10 11 12 13 14 15 16 17 27 | 27.0
Axes           | 5 6 7 8 9 10 11 12 13 14 15 16 17 27 | 27.0
Armour         | 7 8 9 10 11 12 13 14 15 16 17 27 | 27.0
Shields        | 7 8 9 10 11 12 13 14 15 16 17 27 | 27.0

Action                   |  1- 3 |  4- 6 |  7- 9 | 10-12 | 13-15 | 16-18 | 19-21 | 22-24 | 25-27 || total
-------------------------+-------+-------+-------+-------+-------+-------+-------+-------+-------++-------
Melee: War axe           |    64 |   202 |   303 |   545 |   615 |  1324 |       |       |       ||  3053
       Bite              |     7 |    23 |    41 |   144 |   190 |   259 |   225 |   246 |  3301 ||  4436
       Scimitar          |       |       |       |   387 |   467 |       |       |       |       ||   854
       Broad axe         |       |       |       |       |       |   107 |  1340 |  1295 | 16147 || 18889
       Eudemon blade     |       |       |       |       |       |     7 |       |       |       ||     7
       Sacred scourge    |       |       |       |       |       |       |       |       |    40 ||    40
 Cast: Summon Lightning  |       |       |       |       |       |    26 |       |       |       ||    26
       Necromutation     |       |       |       |       |       |       |       |       |   185 ||   185
       Ignition          |       |       |       |       |       |       |       |       |    80 ||    80
       Passwall          |       |       |       |       |       |       |       |       |    18 ||    18
       Infestation       |       |       |       |       |       |       |       |       |    11 ||    11
Invok: Heroism           |       |       |     4 |    45 |    36 |    50 |    36 |    34 |    18 ||   223
       Finesse           |       |       |       |       |       |     2 |     2 |     1 |     4 ||     9
Evoke: Wand              |       |       |       |       |       |     3 |       |       |     4 ||     7
  Use: Potion            |       |     1 |       |     4 |     3 |     5 |       |     4 |    56 ||    73
       Scroll            |       |       |    11 |     2 |     8 |    27 |    11 |    23 |    75 ||   157
 Stab: Distracted        |       |       |       |       |       |     2 |       |     2 |    48 ||    52
       Sleeping          |       |       |       |       |       |     1 |     8 |    17 |    28 ||    54
       Confused          |       |       |       |       |       |       |       |       |     7 ||     7
       Invisible         |       |       |       |       |       |       |       |       |     4 ||     4
       Paralysed         |       |       |       |       |       |       |       |       |     1 ||     1
  Eat: Chunk             |     1 |     8 |    10 |    16 |    31 |    23 |    20 |    23 |    64 ||   196
       Ration            |       |       |     1 |     7 |     3 |     8 |     7 |     4 |    53 ||    83
Armor: Scale mail        |    25 |    38 |       |       |       |       |       |       |       ||    63
       Chain mail        |       |    57 |   170 |    50 |       |       |   121 |   302 |       ||   700
       Plate armour      |       |       |       |   319 |   563 |   424 |   274 |       |       ||  1580
       Gold dragon scale |       |       |       |       |       |       |       |   244 |  4334 ||  4578
Dodge: Dodged            |    18 |    74 |   101 |   365 |   461 |   439 |   479 |   516 |  4153 ||  6606
Block: Shield            |    44 |   145 |   194 |   764 |   936 |   993 |  1049 |   971 |   263 ||  5359
       Reflection        |       |       |     2 |    18 |    38 |    67 |   101 |    35 |   346 ||   607
       Large shield      |       |       |       |       |       |       |       |       | 18882 || 18882
       Rpst.: Scimitar   |       |       |       |    35 |    51 |       |       |       |       ||    86

Table legend:
 A = Non-vault XP
 B = Vault XP
 C = Vault XP percentage of total XP
 D = Non-vault monster count
 E = Vault monster count
 F = Vault count percentage of total count
                 A         B        C        D         E       F
            +---------+---------+-------+---------+---------+-------
      Total | 4386596 | 1961763 |  30.9 |    5734 |    1776 |  23.6
            +---------+---------+-------+---------+---------+-------
        D:1 |      24 |       0 |   0.0 |      13 |       0 |   0.0
        D:2 |      86 |       0 |   0.0 |      23 |       0 |   0.0
        D:3 |     104 |       0 |   0.0 |      32 |       0 |   0.0
        D:4 |     106 |     687 |  86.6 |      14 |       2 |  12.5
        D:5 |     471 |       0 |   0.0 |      12 |       0 |   0.0
        D:6 |     360 |       0 |   0.0 |       6 |       0 |   0.0
        D:7 |    1003 |     611 |  37.9 |      15 |       2 |  11.8
        D:8 |    1085 |     923 |  46.0 |      14 |       1 |   6.7
        D:9 |    1193 |     350 |  22.7 |      26 |       1 |   3.7
       D:10 |    1042 |    1437 |  58.0 |      25 |       5 |  16.7
       D:11 |    8034 |    4651 |  36.7 |      38 |      16 |  29.6
       D:12 |    4234 |       0 |   0.0 |      22 |       0 |   0.0
       D:13 |    5100 |    6702 |  56.8 |      23 |      20 |  46.5
       D:14 |   12430 |       0 |   0.0 |      35 |       0 |   0.0
       D:15 |   16340 |   13457 |  45.2 |      36 |      19 |  34.5
     Lair:1 |    5839 |       0 |   0.0 |      22 |       0 |   0.0
     Lair:2 |    4872 |    2178 |  30.9 |      24 |      16 |  40.0
     Lair:3 |   11697 |    1969 |  14.4 |      41 |       7 |  14.6
     Lair:4 |    4419 |       0 |   0.0 |      12 |       0 |   0.0
     Lair:5 |    5532 |       0 |   0.0 |      22 |       0 |   0.0
     Lair:6 |   11896 |   13533 |  53.2 |      36 |      28 |  43.8
    Swamp:1 |    7170 |    2931 |  29.0 |      23 |       1 |   4.2
    Swamp:2 |   21319 |       0 |   0.0 |      42 |       0 |   0.0
    Swamp:3 |   13944 |       0 |   0.0 |      25 |       0 |   0.0
    Swamp:4 |    8152 |   23023 |  73.9 |      23 |      33 |  58.9
    Snake:1 |   19788 |       0 |   0.0 |      39 |       0 |   0.0
    Snake:2 |    6641 |    5236 |  44.1 |       9 |       9 |  50.0
    Snake:3 |   27352 |    8385 |  23.5 |      53 |      16 |  23.2
    Snake:4 |    9486 |   36028 |  79.2 |      16 |      56 |  77.8
    Slime:1 |   11803 |       0 |   0.0 |      18 |       0 |   0.0
    Slime:2 |    2279 |       0 |   0.0 |       1 |       0 |   0.0
    Slime:3 |   11764 |       0 |   0.0 |      21 |       0 |   0.0
    Slime:4 |    1130 |       0 |   0.0 |       6 |       0 |   0.0
    Slime:5 |   16393 |   34808 |  68.0 |      47 |      16 |  25.4
      Orc:1 |     385 |    8033 |  95.4 |       5 |      21 |  80.8
      Orc:2 |    7786 |   11264 |  59.1 |      53 |      28 |  34.6
      Elf:1 |   10260 |    9500 |  48.1 |      19 |      21 |  52.5
      Elf:2 |   11135 |   32595 |  74.5 |      20 |      47 |  70.1
      Elf:3 |   13360 |   31814 |  70.4 |      21 |      27 |  56.2
   Vaults:1 |   31202 |   26331 |  45.8 |      51 |      39 |  43.3
   Vaults:2 |   23061 |   16825 |  42.2 |      42 |      24 |  36.4
   Vaults:3 |   16823 |   20439 |  54.9 |      28 |      24 |  46.2
   Vaults:4 |   35999 |   29389 |  44.9 |      49 |      48 |  49.5
   Vaults:5 |   28249 |   95324 |  77.1 |      49 |      76 |  60.8
    Crypt:1 |   24037 |    8385 |  25.9 |      38 |       4 |   9.5
    Crypt:2 |   25143 |       0 |   0.0 |      36 |       0 |   0.0
    Crypt:3 |       0 |   48909 | 100.0 |       0 |      81 | 100.0
     Tomb:1 |    9837 |  166697 |  94.4 |      24 |      70 |  74.5
     Tomb:2 |    9920 |   40555 |  80.3 |      27 |      41 |  60.3
     Tomb:3 |   13067 |   91900 |  87.6 |      29 |      58 |  66.7
   Depths:1 |   46163 |   14039 |  23.3 |      48 |      16 |  25.0
   Depths:2 |   34184 |   30167 |  46.9 |      42 |      24 |  36.4
   Depths:3 |   26780 |   17600 |  39.7 |      32 |       7 |  17.9
   Depths:4 |   25710 |   48591 |  65.4 |      24 |      32 |  57.1
   Depths:5 |   49885 |   26123 |  34.4 |      31 |      16 |  34.0
       Hell |   33324 |   31465 |  48.6 |      49 |      44 |  47.3
      Dis:1 |  103705 |       0 |   0.0 |     196 |       0 |   0.0
      Dis:2 |   28596 |       0 |   0.0 |      57 |       0 |   0.0
      Dis:3 |   22951 |       0 |   0.0 |      43 |       0 |   0.0
      Dis:4 |   43351 |       0 |   0.0 |      46 |       0 |   0.0
      Dis:5 |   49075 |       0 |   0.0 |      63 |       0 |   0.0
      Dis:6 |   92438 |       0 |   0.0 |      99 |       0 |   0.0
      Dis:7 |  131791 |  122334 |  48.1 |     168 |      74 |  30.6
      Geh:1 |   34002 |       0 |   0.0 |      76 |       0 |   0.0
      Geh:2 |   32419 |       0 |   0.0 |      75 |       0 |   0.0
      Geh:3 |   48786 |       0 |   0.0 |      96 |       0 |   0.0
      Geh:4 |   59830 |       0 |   0.0 |      94 |       0 |   0.0
      Geh:5 |   56119 |       0 |   0.0 |     109 |       0 |   0.0
      Geh:6 |   64544 |       0 |   0.0 |     120 |       0 |   0.0
      Geh:7 |   67565 |   89240 |  56.9 |      93 |      46 |  33.1
      Coc:1 |   49131 |       0 |   0.0 |      75 |       0 |   0.0
      Coc:2 |   63114 |       0 |   0.0 |      88 |       0 |   0.0
      Coc:3 |   30820 |       0 |   0.0 |      36 |       0 |   0.0
      Coc:4 |   37415 |       0 |   0.0 |      58 |       0 |   0.0
      Coc:5 |   87219 |       0 |   0.0 |      85 |       0 |   0.0
      Coc:6 |   18689 |       0 |   0.0 |      49 |       0 |   0.0
      Coc:7 |   94338 |   74405 |  44.1 |     118 |      92 |  43.8
      Tar:1 |   62860 |       0 |   0.0 |      81 |       0 |   0.0
      Tar:2 |  115088 |       0 |   0.0 |     110 |       0 |   0.0
      Tar:3 |   90676 |       0 |   0.0 |      97 |       0 |   0.0
      Tar:4 |  123322 |       0 |   0.0 |     143 |       0 |   0.0
      Tar:5 |  116262 |       0 |   0.0 |     139 |       0 |   0.0
      Tar:6 |  154213 |       0 |   0.0 |     163 |       0 |   0.0
      Tar:7 |  105136 |  108067 |  50.7 |     117 |      76 |  39.4
      Zot:1 |   72532 |       0 |   0.0 |      48 |       0 |   0.0
      Zot:2 |   45131 |       0 |   0.0 |      28 |       0 |   0.0
      Zot:3 |   41124 |    3196 |   7.2 |      25 |       2 |   7.4
      Zot:4 |   45685 |    8133 |  15.1 |      23 |       1 |   4.2
      Zot:5 |   47565 |  164373 |  77.6 |      22 |      40 |  64.5
    Abyss:2 |   13612 |       0 |   0.0 |      35 |       0 |   0.0
    Abyss:5 |   14000 |   15741 |  52.9 |      18 |       9 |  33.3
        Pan |  417458 |  366427 |  46.7 |     503 |     264 |  34.4
      Zig:1 |    3472 |       0 |   0.0 |       1 |       0 |   0.0
      Zig:2 |    1732 |       0 |   0.0 |       3 |       0 |   0.0
      Zig:3 |    4191 |       0 |   0.0 |       3 |       0 |   0.0
      Zig:4 |    5196 |       0 |   0.0 |       4 |       0 |   0.0
      Zig:5 |   11571 |       0 |   0.0 |       5 |       0 |   0.0
      Zig:6 |    6752 |       0 |   0.0 |      12 |       0 |   0.0
      Zig:7 |   18944 |       0 |   0.0 |      14 |       0 |   0.0
      Zig:8 |   10471 |       0 |   0.0 |      12 |       0 |   0.0
      Zig:9 |   13580 |       0 |   0.0 |      17 |       0 |   0.0
     Zig:10 |   21429 |    1070 |   4.8 |      26 |       2 |   7.1
     Zig:11 |   20289 |       0 |   0.0 |      19 |       0 |   0.0
     Zig:12 |   21431 |       0 |   0.0 |      22 |       0 |   0.0
     Zig:13 |   21616 |       0 |   0.0 |      22 |       0 |   0.0
     Zig:14 |   26134 |      32 |   0.1 |      25 |       1 |   3.8
     Zig:15 |   19275 |       0 |   0.0 |      37 |       0 |   0.0
     Zig:16 |   46674 |       0 |   0.0 |      54 |       0 |   0.0
     Zig:17 |   24489 |     301 |   1.2 |      44 |       1 |   2.2
     Zig:18 |   33938 |       0 |   0.0 |      45 |       0 |   0.0
     Zig:19 |   47027 |       0 |   0.0 |      71 |       0 |   0.0
     Zig:20 |   45473 |       0 |   0.0 |      45 |       0 |   0.0
     Zig:21 |   55339 |       0 |   0.0 |      60 |       0 |   0.0
     Zig:22 |   67386 |    9278 |  12.1 |      54 |       4 |   6.9
     Zig:23 |   72862 |       0 |   0.0 |      58 |       0 |   0.0
     Zig:24 |  138786 |       0 |   0.0 |      50 |       0 |   0.0
     Zig:25 |   77334 |       0 |   0.0 |      55 |       0 |   0.0
     Zig:26 |  161245 |    1870 |   1.1 |      49 |       2 |   3.9
    Ossuary |       0 |    1107 | 100.0 |       0 |      30 | 100.0
     Bailey |       0 |    1212 | 100.0 |       0 |      30 | 100.0
      IceCv |       0 |    6458 | 100.0 |       0 |      54 | 100.0
     WizLab |       0 |   25665 | 100.0 |       0 |      52 | 100.0
            +---------+---------+-------+---------+---------+-------
